Workbook

Sheet Project overview
A1: ORIGINAL BUDGET
A3: Participant Information | E3: Total Project Budget
A4: Project ID | B4: Name Participant | C4: Organization type | D4: Foreign? | E4: Costs | F4: In-kind contribution | G4: In-cash contribution | H4: PPP Allowance | I4: Received cash | J4: Received other funding
A5: =IFERROR(INDEX(TabelBP[Project ID], MATCH(TabelOBP[[#This Row],[Name Participant]],TabelBP[Name Participant],0)), " ") | B5: =IF(INDEX(TabelBP[Name Participant],1)<>0, INDEX(TabelBP[Name Participant],1)," ") | C5: =IFERROR(INDEX(TabelBP[Organization Type], MATCH(TabelOBP[[#This Row],[Name Participant]],TabelBP[Name Participant],0)), " ") | D5: =IFERROR(INDEX(TabelBP[Foreign?], MATCH(TabelOBP[[#This Row],[Name Participant]],TabelBP[Name Participant],0)), " ") | E5: =SUMIFS(TabelB1[Costs],TabelBP[Name Participant],B5,TabelBP[Project ID],A5)+SUMIFS(TabelB2[Costs],TabelBP[Name Participant],B5,TabelBP[Project ID],A5)+SUMIFS(TabelB3[Costs],TabelBP[Name Participant],B5,TabelBP[Project ID],A5)+SUMIFS(TabelB4[Costs],TabelBP[Name Participant],B5,TabelBP[Project ID],A5)+SUMIFS(TabelB5[Costs],TabelBP[Name Participant],B5,TabelBP[Project ID],A5)+SUMIFS(TabelB6[Costs],TabelBP[Name Participant],B5,TabelBP[Project ID],A5) -> 0 | F5: =SUMIFS(TabelB1[In-kind contribution],TabelBP[Name Participant],B5,TabelBP[Project ID],A5)+SUMIFS(TabelB2[In-kind contribution],TabelBP[Name Participant],B5,TabelBP[Project ID],A5)+SUMIFS(TabelB3[In-kind contribution],TabelBP[Name Participant],B5,TabelBP[Project ID],A5)+SUMIFS(TabelB4[In-kind contribution],TabelBP[Name Participant],B5,TabelBP[Project ID],A5)+SUMIFS(TabelB5[In-kind contribution],TabelBP[Name Participant],B5,TabelBP[Project ID],A5)+SUMIFS(TabelB6[In-kind contribution],TabelBP[Name Participant],B5,TabelBP[Project ID],A5) -> 0 | G5: =SUMIFS(TabelB1[In-cash contribution],TabelBP[Name Participant],B5,TabelBP[Project ID],A5)+SUMIFS(TabelB2[In-cash contribution],TabelBP[Name Participant],B5,TabelBP[Project ID],A5)+SUMIFS(TabelB3[In-cash contribution],TabelBP[Name Participant],B5,TabelBP[Project ID],A5)+SUMIFS(TabelB4[In-cash contribution],TabelBP[Name Participant],B5,TabelBP[Project ID],A5)+SUMIFS(TabelB5[In-cash contribution],TabelBP[Name Participant],B5,TabelBP[Project ID],A5)+SUMIFS(TabelB6[In-cash contribution],TabelBP[Name Participant],B5,TabelBP[Project ID],A5) -> 0 | H5: =SUMIFS(TabelB1[PPP Allowance],TabelBP[Name Participant],B5,TabelBP[Project ID],A5)+SUMIFS(TabelB2[[PPP allowance ]],TabelBP[Name Participant],B5,TabelBP[Project ID],A5)+SUMIFS(TabelB3[PPP Allowance],TabelBP[Name Participant],B5,TabelBP[Project ID],A5)+SUMIFS(TabelB4[PPP Allowance],TabelBP[Name Participant],B5,TabelBP[Project ID],A5)+SUMIFS(TabelB5[PPP Allowance],TabelBP[Name Participant],B5,TabelBP[Project ID],A5)+SUMIFS(TabelB6[PPP Allowance],TabelBP[Name Participant],B5,TabelBP[Project ID],A5) -> 0 | I5: =SUMIFS(TabelB1[Received cash],TabelBP[Name Participant],B5,TabelBP[Project ID],A5)+SUMIFS(TabelB2[Received cash],TabelBP[Name Participant],B5,TabelBP[Project ID],A5)+SUMIFS(TabelB3[Received cash],TabelBP[Name Participant],B5,TabelBP[Project ID],A5)+SUMIFS(TabelB4[Received cash],TabelBP[Name Participant],B5,TabelBP[Project ID],A5)+SUMIFS(TabelB5[Received cash],TabelBP[Name Participant],B5,TabelBP[Project ID],A5)+SUMIFS(TabelB6[Received cash],TabelBP[Name Participant],B5,TabelBP[Project ID],A5) -> 0 | J5: =SUMIFS(TabelB1[Received other funding],TabelBP[Name Participant],B5,TabelBP[Project ID],A5)+SUMIFS(TabelB2[Received other funding],TabelBP[Name Participant],B5,TabelBP[Project ID],A5)+SUMIFS(TabelB3[Received other funding],TabelBP[Name Participant],B5,TabelBP[Project ID],A5)+SUMIFS(TabelB4[Received other funding],TabelBP[Name Participant],B5,TabelBP[Project ID],A5)+SUMIFS(TabelB5[Received other funding],TabelBP[Name Participant],B5,TabelBP[Project ID],A5)+SUMIFS(TabelB6[Received other funding],TabelBP[Name Participant],B5,TabelBP[Project ID],A5) -> 0
A6: =IFERROR(INDEX(TabelBP[Project ID], MATCH(TabelOBP[[#This Row],[Name Participant]],TabelBP[Name Participant],0)), " ") | B6: =IF(INDEX(TabelBP[Name Participant],2)<>0, INDEX(TabelBP[Name Participant],2)," ") | C6: =IFERROR(INDEX(TabelBP[Organization Type], MATCH(TabelOBP[[#This Row],[Name Participant]],TabelBP[Name Participant],0)), " ") | D6: =IFERROR(INDEX(TabelBP[Foreign?], MATCH(TabelOBP[[#This Row],[Name Participant]],TabelBP[Name Participant],0)), " ") | E6: =SUMIFS(TabelB1[Costs],TabelBP[Name Participant],B6,TabelBP[Project ID],A6)+SUMIFS(TabelB2[Costs],TabelBP[Name Participant],B6,TabelBP[Project ID],A6)+SUMIFS(TabelB3[Costs],TabelBP[Name Participant],B6,TabelBP[Project ID],A6)+SUMIFS(TabelB4[Costs],TabelBP[Name Participant],B6,TabelBP[Project ID],A6)+SUMIFS(TabelB5[Costs],TabelBP[Name Participant],B6,TabelBP[Project ID],A6)+SUMIFS(TabelB6[Costs],TabelBP[Name Participant],B6,TabelBP[Project ID],A6) -> 0 | F6: =SUMIFS(TabelB1[In-kind contribution],TabelBP[Name Participant],B6,TabelBP[Project ID],A6)+SUMIFS(TabelB2[In-kind contribution],TabelBP[Name Participant],B6,TabelBP[Project ID],A6)+SUMIFS(TabelB3[In-kind contribution],TabelBP[Name Participant],B6,TabelBP[Project ID],A6)+SUMIFS(TabelB4[In-kind contribution],TabelBP[Name Participant],B6,TabelBP[Project ID],A6)+SUMIFS(TabelB5[In-kind contribution],TabelBP[Name Participant],B6,TabelBP[Project ID],A6)+SUMIFS(TabelB6[In-kind contribution],TabelBP[Name Participant],B6,TabelBP[Project ID],A6) -> 0 | G6: =SUMIFS(TabelB1[In-cash contribution],TabelBP[Name Participant],B6,TabelBP[Project ID],A6)+SUMIFS(TabelB2[In-cash contribution],TabelBP[Name Participant],B6,TabelBP[Project ID],A6)+SUMIFS(TabelB3[In-cash contribution],TabelBP[Name Participant],B6,TabelBP[Project ID],A6)+SUMIFS(TabelB4[In-cash contribution],TabelBP[Name Participant],B6,TabelBP[Project ID],A6)+SUMIFS(TabelB5[In-cash contribution],TabelBP[Name Participant],B6,TabelBP[Project ID],A6)+SUMIFS(TabelB6[In-cash contribution],TabelBP[Name Participant],B6,TabelBP[Project ID],A6) -> 0 | H6: =SUMIFS(TabelB1[PPP Allowance],TabelBP[Name Participant],B6,TabelBP[Project ID],A6)+SUMIFS(TabelB2[[PPP allowance ]],TabelBP[Name Participant],B6,TabelBP[Project ID],A6)+SUMIFS(TabelB3[PPP Allowance],TabelBP[Name Participant],B6,TabelBP[Project ID],A6)+SUMIFS(TabelB4[PPP Allowance],TabelBP[Name Participant],B6,TabelBP[Project ID],A6)+SUMIFS(TabelB5[PPP Allowance],TabelBP[Name Participant],B6,TabelBP[Project ID],A6)+SUMIFS(TabelB6[PPP Allowance],TabelBP[Name Participant],B6,TabelBP[Project ID],A6) -> 0 | I6: =SUMIFS(TabelB1[Received cash],TabelBP[Name Participant],B6,TabelBP[Project ID],A6)+SUMIFS(TabelB2[Received cash],TabelBP[Name Participant],B6,TabelBP[Project ID],A6)+SUMIFS(TabelB3[Received cash],TabelBP[Name Participant],B6,TabelBP[Project ID],A6)+SUMIFS(TabelB4[Received cash],TabelBP[Name Participant],B6,TabelBP[Project ID],A6)+SUMIFS(TabelB5[Received cash],TabelBP[Name Participant],B6,TabelBP[Project ID],A6)+SUMIFS(TabelB6[Received cash],TabelBP[Name Participant],B6,TabelBP[Project ID],A6) -> 0 | J6: =SUMIFS(TabelB1[Received other funding],TabelBP[Name Participant],B6,TabelBP[Project ID],A6)+SUMIFS(TabelB2[Received other funding],TabelBP[Name Participant],B6,TabelBP[Project ID],A6)+SUMIFS(TabelB3[Received other funding],TabelBP[Name Participant],B6,TabelBP[Project ID],A6)+SUMIFS(TabelB4[Received other funding],TabelBP[Name Participant],B6,TabelBP[Project ID],A6)+SUMIFS(TabelB5[Received other funding],TabelBP[Name Participant],B6,TabelBP[Project ID],A6)+SUMIFS(TabelB6[Received other funding],TabelBP[Name Participant],B6,TabelBP[Project ID],A6) -> 0
A7: =IFERROR(INDEX(TabelBP[Project ID], MATCH(TabelOBP[[#This Row],[Name Participant]],TabelBP[Name Participant],0)), " ") | B7: =IF(INDEX(TabelBP[Name Participant],3)<>0, INDEX(TabelBP[Name Participant],3)," ") | C7: =IFERROR(INDEX(TabelBP[Organization Type], MATCH(TabelOBP[[#This Row],[Name Participant]],TabelBP[Name Participant],0)), " ") | D7: =IFERROR(INDEX(TabelBP[Foreign?], MATCH(TabelOBP[[#This Row],[Name Participant]],TabelBP[Name Participant],0)), " ") | E7: =SUMIFS(TabelB1[Costs],TabelBP[Name Participant],B7,TabelBP[Project ID],A7)+SUMIFS(TabelB2[Costs],TabelBP[Name Participant],B7,TabelBP[Project ID],A7)+SUMIFS(TabelB3[Costs],TabelBP[Name Participant],B7,TabelBP[Project ID],A7)+SUMIFS(TabelB4[Costs],TabelBP[Name Participant],B7,TabelBP[Project ID],A7)+SUMIFS(TabelB5[Costs],TabelBP[Name Participant],B7,TabelBP[Project ID],A7)+SUMIFS(TabelB6[Costs],TabelBP[Name Participant],B7,TabelBP[Project ID],A7) -> 0 | F7: =SUMIFS(TabelB1[In-kind contribution],TabelBP[Name Participant],B7,TabelBP[Project ID],A7)+SUMIFS(TabelB2[In-kind contribution],TabelBP[Name Participant],B7,TabelBP[Project ID],A7)+SUMIFS(TabelB3[In-kind contribution],TabelBP[Name Participant],B7,TabelBP[Project ID],A7)+SUMIFS(TabelB4[In-kind contribution],TabelBP[Name Participant],B7,TabelBP[Project ID],A7)+SUMIFS(TabelB5[In-kind contribution],TabelBP[Name Participant],B7,TabelBP[Project ID],A7)+SUMIFS(TabelB6[In-kind contribution],TabelBP[Name Participant],B7,TabelBP[Project ID],A7) -> 0 | G7: =SUMIFS(TabelB1[In-cash contribution],TabelBP[Name Participant],B7,TabelBP[Project ID],A7)+SUMIFS(TabelB2[In-cash contribution],TabelBP[Name Participant],B7,TabelBP[Project ID],A7)+SUMIFS(TabelB3[In-cash contribution],TabelBP[Name Participant],B7,TabelBP[Project ID],A7)+SUMIFS(TabelB4[In-cash contribution],TabelBP[Name Participant],B7,TabelBP[Project ID],A7)+SUMIFS(TabelB5[In-cash contribution],TabelBP[Name Participant],B7,TabelBP[Project ID],A7)+SUMIFS(TabelB6[In-cash contribution],TabelBP[Name Participant],B7,TabelBP[Project ID],A7) -> 0 | H7: =SUMIFS(TabelB1[PPP Allowance],TabelBP[Name Participant],B7,TabelBP[Project ID],A7)+SUMIFS(TabelB2[[PPP allowance ]],TabelBP[Name Participant],B7,TabelBP[Project ID],A7)+SUMIFS(TabelB3[PPP Allowance],TabelBP[Name Participant],B7,TabelBP[Project ID],A7)+SUMIFS(TabelB4[PPP Allowance],TabelBP[Name Participant],B7,TabelBP[Project ID],A7)+SUMIFS(TabelB5[PPP Allowance],TabelBP[Name Participant],B7,TabelBP[Project ID],A7)+SUMIFS(TabelB6[PPP Allowance],TabelBP[Name Participant],B7,TabelBP[Project ID],A7) -> 0 | I7: =SUMIFS(TabelB1[Received cash],TabelBP[Name Participant],B7,TabelBP[Project ID],A7)+SUMIFS(TabelB2[Received cash],TabelBP[Name Participant],B7,TabelBP[Project ID],A7)+SUMIFS(TabelB3[Received cash],TabelBP[Name Participant],B7,TabelBP[Project ID],A7)+SUMIFS(TabelB4[Received cash],TabelBP[Name Participant],B7,TabelBP[Project ID],A7)+SUMIFS(TabelB5[Received cash],TabelBP[Name Participant],B7,TabelBP[Project ID],A7)+SUMIFS(TabelB6[Received cash],TabelBP[Name Participant],B7,TabelBP[Project ID],A7) -> 0 | J7: =SUMIFS(TabelB1[Received other funding],TabelBP[Name Participant],B7,TabelBP[Project ID],A7)+SUMIFS(TabelB2[Received other funding],TabelBP[Name Participant],B7,TabelBP[Project ID],A7)+SUMIFS(TabelB3[Received other funding],TabelBP[Name Participant],B7,TabelBP[Project ID],A7)+SUMIFS(TabelB4[Received other funding],TabelBP[Name Participant],B7,TabelBP[Project ID],A7)+SUMIFS(TabelB5[Received other funding],TabelBP[Name Participant],B7,TabelBP[Project ID],A7)+SUMIFS(TabelB6[Received other funding],TabelBP[Name Participant],B7,TabelBP[Project ID],A7) -> 0
A8: =IFERROR(INDEX(TabelBP[Project ID], MATCH(TabelOBP[[#This Row],[Name Participant]],TabelBP[Name Participant],0)), " ") | B8: =IF(INDEX(TabelBP[Name Participant],4)<>0, INDEX(TabelBP[Name Participant],4)," ") | C8: =IFERROR(INDEX(TabelBP[Organization Type], MATCH(TabelOBP[[#This Row],[Name Participant]],TabelBP[Name Participant],0)), " ") | D8: =IFERROR(INDEX(TabelBP[Foreign?], MATCH(TabelOBP[[#This Row],[Name Participant]],TabelBP[Name Participant],0)), " ") | E8: =SUMIFS(TabelB1[Costs],TabelBP[Name Participant],B8,TabelBP[Project ID],A8)+SUMIFS(TabelB2[Costs],TabelBP[Name Participant],B8,TabelBP[Project ID],A8)+SUMIFS(TabelB3[Costs],TabelBP[Name Participant],B8,TabelBP[Project ID],A8)+SUMIFS(TabelB4[Costs],TabelBP[Name Participant],B8,TabelBP[Project ID],A8)+SUMIFS(TabelB5[Costs],TabelBP[Name Participant],B8,TabelBP[Project ID],A8)+SUMIFS(TabelB6[Costs],TabelBP[Name Participant],B8,TabelBP[Project ID],A8) -> 0 | F8: =SUMIFS(TabelB1[In-kind contribution],TabelBP[Name Participant],B8,TabelBP[Project ID],A8)+SUMIFS(TabelB2[In-kind contribution],TabelBP[Name Participant],B8,TabelBP[Project ID],A8)+SUMIFS(TabelB3[In-kind contribution],TabelBP[Name Participant],B8,TabelBP[Project ID],A8)+SUMIFS(TabelB4[In-kind contribution],TabelBP[Name Participant],B8,TabelBP[Project ID],A8)+SUMIFS(TabelB5[In-kind contribution],TabelBP[Name Participant],B8,TabelBP[Project ID],A8)+SUMIFS(TabelB6[In-kind contribution],TabelBP[Name Participant],B8,TabelBP[Project ID],A8) -> 0 | G8: =SUMIFS(TabelB1[In-cash contribution],TabelBP[Name Participant],B8,TabelBP[Project ID],A8)+SUMIFS(TabelB2[In-cash contribution],TabelBP[Name Participant],B8,TabelBP[Project ID],A8)+SUMIFS(TabelB3[In-cash contribution],TabelBP[Name Participant],B8,TabelBP[Project ID],A8)+SUMIFS(TabelB4[In-cash contribution],TabelBP[Name Participant],B8,TabelBP[Project ID],A8)+SUMIFS(TabelB5[In-cash contribution],TabelBP[Name Participant],B8,TabelBP[Project ID],A8)+SUMIFS(TabelB6[In-cash contribution],TabelBP[Name Participant],B8,TabelBP[Project ID],A8) -> 0 | H8: =SUMIFS(TabelB1[PPP Allowance],TabelBP[Name Participant],B8,TabelBP[Project ID],A8)+SUMIFS(TabelB2[[PPP allowance ]],TabelBP[Name Participant],B8,TabelBP[Project ID],A8)+SUMIFS(TabelB3[PPP Allowance],TabelBP[Name Participant],B8,TabelBP[Project ID],A8)+SUMIFS(TabelB4[PPP Allowance],TabelBP[Name Participant],B8,TabelBP[Project ID],A8)+SUMIFS(TabelB5[PPP Allowance],TabelBP[Name Participant],B8,TabelBP[Project ID],A8)+SUMIFS(TabelB6[PPP Allowance],TabelBP[Name Participant],B8,TabelBP[Project ID],A8) -> 0 | I8: =SUMIFS(TabelB1[Received cash],TabelBP[Name Participant],B8,TabelBP[Project ID],A8)+SUMIFS(TabelB2[Received cash],TabelBP[Name Participant],B8,TabelBP[Project ID],A8)+SUMIFS(TabelB3[Received cash],TabelBP[Name Participant],B8,TabelBP[Project ID],A8)+SUMIFS(TabelB4[Received cash],TabelBP[Name Participant],B8,TabelBP[Project ID],A8)+SUMIFS(TabelB5[Received cash],TabelBP[Name Participant],B8,TabelBP[Project ID],A8)+SUMIFS(TabelB6[Received cash],TabelBP[Name Participant],B8,TabelBP[Project ID],A8) -> 0 | J8: =SUMIFS(TabelB1[Received other funding],TabelBP[Name Participant],B8,TabelBP[Project ID],A8)+SUMIFS(TabelB2[Received other funding],TabelBP[Name Participant],B8,TabelBP[Project ID],A8)+SUMIFS(TabelB3[Received other funding],TabelBP[Name Participant],B8,TabelBP[Project ID],A8)+SUMIFS(TabelB4[Received other funding],TabelBP[Name Participant],B8,TabelBP[Project ID],A8)+SUMIFS(TabelB5[Received other funding],TabelBP[Name Participant],B8,TabelBP[Project ID],A8)+SUMIFS(TabelB6[Received other funding],TabelBP[Name Participant],B8,TabelBP[Project ID],A8) -> 0
A9: =IFERROR(INDEX(TabelBP[Project ID], MATCH(TabelOBP[[#This Row],[Name Participant]],TabelBP[Name Participant],0)), " ") | B9: =IF(INDEX(TabelBP[Name Participant],5)<>0, INDEX(TabelBP[Name Participant],5)," ") | C9: =IFERROR(INDEX(TabelBP[Organization Type], MATCH(TabelOBP[[#This Row],[Name Participant]],TabelBP[Name Participant],0)), " ") | D9: =IFERROR(INDEX(TabelBP[Foreign?], MATCH(TabelOBP[[#This Row],[Name Participant]],TabelBP[Name Participant],0)), " ") | E9: =SUMIFS(TabelB1[Costs],TabelBP[Name Participant],B9,TabelBP[Project ID],A9)+SUMIFS(TabelB2[Costs],TabelBP[Name Participant],B9,TabelBP[Project ID],A9)+SUMIFS(TabelB3[Costs],TabelBP[Name Participant],B9,TabelBP[Project ID],A9)+SUMIFS(TabelB4[Costs],TabelBP[Name Participant],B9,TabelBP[Project ID],A9)+SUMIFS(TabelB5[Costs],TabelBP[Name Participant],B9,TabelBP[Project ID],A9)+SUMIFS(TabelB6[Costs],TabelBP[Name Participant],B9,TabelBP[Project ID],A9) -> 0 | F9: =SUMIFS(TabelB1[In-kind contribution],TabelBP[Name Participant],B9,TabelBP[Project ID],A9)+SUMIFS(TabelB2[In-kind contribution],TabelBP[Name Participant],B9,TabelBP[Project ID],A9)+SUMIFS(TabelB3[In-kind contribution],TabelBP[Name Participant],B9,TabelBP[Project ID],A9)+SUMIFS(TabelB4[In-kind contribution],TabelBP[Name Participant],B9,TabelBP[Project ID],A9)+SUMIFS(TabelB5[In-kind contribution],TabelBP[Name Participant],B9,TabelBP[Project ID],A9)+SUMIFS(TabelB6[In-kind contribution],TabelBP[Name Participant],B9,TabelBP[Project ID],A9) -> 0 | G9: =SUMIFS(TabelB1[In-cash contribution],TabelBP[Name Participant],B9,TabelBP[Project ID],A9)+SUMIFS(TabelB2[In-cash contribution],TabelBP[Name Participant],B9,TabelBP[Project ID],A9)+SUMIFS(TabelB3[In-cash contribution],TabelBP[Name Participant],B9,TabelBP[Project ID],A9)+SUMIFS(TabelB4[In-cash contribution],TabelBP[Name Participant],B9,TabelBP[Project ID],A9)+SUMIFS(TabelB5[In-cash contribution],TabelBP[Name Participant],B9,TabelBP[Project ID],A9)+SUMIFS(TabelB6[In-cash contribution],TabelBP[Name Participant],B9,TabelBP[Project ID],A9) -> 0 | H9: =SUMIFS(TabelB1[PPP Allowance],TabelBP[Name Participant],B9,TabelBP[Project ID],A9)+SUMIFS(TabelB2[[PPP allowance ]],TabelBP[Name Participant],B9,TabelBP[Project ID],A9)+SUMIFS(TabelB3[PPP Allowance],TabelBP[Name Participant],B9,TabelBP[Project ID],A9)+SUMIFS(TabelB4[PPP Allowance],TabelBP[Name Participant],B9,TabelBP[Project ID],A9)+SUMIFS(TabelB5[PPP Allowance],TabelBP[Name Participant],B9,TabelBP[Project ID],A9)+SUMIFS(TabelB6[PPP Allowance],TabelBP[Name Participant],B9,TabelBP[Project ID],A9) -> 0 | I9: =SUMIFS(TabelB1[Received cash],TabelBP[Name Participant],B9,TabelBP[Project ID],A9)+SUMIFS(TabelB2[Received cash],TabelBP[Name Participant],B9,TabelBP[Project ID],A9)+SUMIFS(TabelB3[Received cash],TabelBP[Name Participant],B9,TabelBP[Project ID],A9)+SUMIFS(TabelB4[Received cash],TabelBP[Name Participant],B9,TabelBP[Project ID],A9)+SUMIFS(TabelB5[Received cash],TabelBP[Name Participant],B9,TabelBP[Project ID],A9)+SUMIFS(TabelB6[Received cash],TabelBP[Name Participant],B9,TabelBP[Project ID],A9) -> 0 | J9: =SUMIFS(TabelB1[Received other funding],TabelBP[Name Participant],B9,TabelBP[Project ID],A9)+SUMIFS(TabelB2[Received other funding],TabelBP[Name Participant],B9,TabelBP[Project ID],A9)+SUMIFS(TabelB3[Received other funding],TabelBP[Name Participant],B9,TabelBP[Project ID],A9)+SUMIFS(TabelB4[Received other funding],TabelBP[Name Participant],B9,TabelBP[Project ID],A9)+SUMIFS(TabelB5[Received other funding],TabelBP[Name Participant],B9,TabelBP[Project ID],A9)+SUMIFS(TabelB6[Received other funding],TabelBP[Name Participant],B9,TabelBP[Project ID],A9) -> 0
A10: =IFERROR(INDEX(TabelBP[Project ID], MATCH(TabelOBP[[#This Row],[Name Participant]],TabelBP[Name Participant],0)), " ") | B10: =IF(INDEX(TabelBP[Name Participant],6)<>0, INDEX(TabelBP[Name Participant],6)," ") | C10: =IFERROR(INDEX(TabelBP[Organization Type], MATCH(TabelOBP[[#This Row],[Name Participant]],TabelBP[Name Participant],0)), " ") | D10: =IFERROR(INDEX(TabelBP[Foreign?], MATCH(TabelOBP[[#This Row],[Name Participant]],TabelBP[Name Participant],0)), " ") | E10: =SUMIFS(TabelB1[Costs],TabelBP[Name Participant],B10,TabelBP[Project ID],A10)+SUMIFS(TabelB2[Costs],TabelBP[Name Participant],B10,TabelBP[Project ID],A10)+SUMIFS(TabelB3[Costs],TabelBP[Name Participant],B10,TabelBP[Project ID],A10)+SUMIFS(TabelB4[Costs],TabelBP[Name Participant],B10,TabelBP[Project ID],A10)+SUMIFS(TabelB5[Costs],TabelBP[Name Participant],B10,TabelBP[Project ID],A10)+SUMIFS(TabelB6[Costs],TabelBP[Name Participant],B10,TabelBP[Project ID],A10) -> 0 | F10: =SUMIFS(TabelB1[In-kind contribution],TabelBP[Name Participant],B10,TabelBP[Project ID],A10)+SUMIFS(TabelB2[In-kind contribution],TabelBP[Name Participant],B10,TabelBP[Project ID],A10)+SUMIFS(TabelB3[In-kind contribution],TabelBP[Name Participant],B10,TabelBP[Project ID],A10)+SUMIFS(TabelB4[In-kind contribution],TabelBP[Name Participant],B10,TabelBP[Project ID],A10)+SUMIFS(TabelB5[In-kind contribution],TabelBP[Name Participant],B10,TabelBP[Project ID],A10)+SUMIFS(TabelB6[In-kind contribution],TabelBP[Name Participant],B10,TabelBP[Project ID],A10) -> 0 | G10: =SUMIFS(TabelB1[In-cash contribution],TabelBP[Name Participant],B10,TabelBP[Project ID],A10)+SUMIFS(TabelB2[In-cash contribution],TabelBP[Name Participant],B10,TabelBP[Project ID],A10)+SUMIFS(TabelB3[In-cash contribution],TabelBP[Name Participant],B10,TabelBP[Project ID],A10)+SUMIFS(TabelB4[In-cash contribution],TabelBP[Name Participant],B10,TabelBP[Project ID],A10)+SUMIFS(TabelB5[In-cash contribution],TabelBP[Name Participant],B10,TabelBP[Project ID],A10)+SUMIFS(TabelB6[In-cash contribution],TabelBP[Name Participant],B10,TabelBP[Project ID],A10) -> 0 | H10: =SUMIFS(TabelB1[PPP Allowance],TabelBP[Name Participant],B10,TabelBP[Project ID],A10)+SUMIFS(TabelB2[[PPP allowance ]],TabelBP[Name Participant],B10,TabelBP[Project ID],A10)+SUMIFS(TabelB3[PPP Allowance],TabelBP[Name Participant],B10,TabelBP[Project ID],A10)+SUMIFS(TabelB4[PPP Allowance],TabelBP[Name Participant],B10,TabelBP[Project ID],A10)+SUMIFS(TabelB5[PPP Allowance],TabelBP[Name Participant],B10,TabelBP[Project ID],A10)+SUMIFS(TabelB6[PPP Allowance],TabelBP[Name Participant],B10,TabelBP[Project ID],A10) -> 0 | I10: =SUMIFS(TabelB1[Received cash],TabelBP[Name Participant],B10,TabelBP[Project ID],A10)+SUMIFS(TabelB2[Received cash],TabelBP[Name Participant],B10,TabelBP[Project ID],A10)+SUMIFS(TabelB3[Received cash],TabelBP[Name Participant],B10,TabelBP[Project ID],A10)+SUMIFS(TabelB4[Received cash],TabelBP[Name Participant],B10,TabelBP[Project ID],A10)+SUMIFS(TabelB5[Received cash],TabelBP[Name Participant],B10,TabelBP[Project ID],A10)+SUMIFS(TabelB6[Received cash],TabelBP[Name Participant],B10,TabelBP[Project ID],A10) -> 0 | J10: =SUMIFS(TabelB1[Received other funding],TabelBP[Name Participant],B10,TabelBP[Project ID],A10)+SUMIFS(TabelB2[Received other funding],TabelBP[Name Participant],B10,TabelBP[Project ID],A10)+SUMIFS(TabelB3[Received other funding],TabelBP[Name Participant],B10,TabelBP[Project ID],A10)+SUMIFS(TabelB4[Received other funding],TabelBP[Name Participant],B10,TabelBP[Project ID],A10)+SUMIFS(TabelB5[Received other funding],TabelBP[Name Participant],B10,TabelBP[Project ID],A10)+SUMIFS(TabelB6[Received other funding],TabelBP[Name Participant],B10,TabelBP[Project ID],A10) -> 0
A11: =IFERROR(INDEX(TabelBP[Project ID], MATCH(TabelOBP[[#This Row],[Name Participant]],TabelBP[Name Participant],0)), " ") | B11: =IF(INDEX(TabelBP[Name Participant],7)<>0, INDEX(TabelBP[Name Participant],7)," ") | C11: =IFERROR(INDEX(TabelBP[Organization Type], MATCH(TabelOBP[[#This Row],[Name Participant]],TabelBP[Name Participant],0)), " ") | D11: =IFERROR(INDEX(TabelBP[Foreign?], MATCH(TabelOBP[[#This Row],[Name Participant]],TabelBP[Name Participant],0)), " ") | E11: =SUMIFS(TabelB1[Costs],TabelBP[Name Participant],B11,TabelBP[Project ID],A11)+SUMIFS(TabelB2[Costs],TabelBP[Name Participant],B11,TabelBP[Project ID],A11)+SUMIFS(TabelB3[Costs],TabelBP[Name Participant],B11,TabelBP[Project ID],A11)+SUMIFS(TabelB4[Costs],TabelBP[Name Participant],B11,TabelBP[Project ID],A11)+SUMIFS(TabelB5[Costs],TabelBP[Name Participant],B11,TabelBP[Project ID],A11)+SUMIFS(TabelB6[Costs],TabelBP[Name Participant],B11,TabelBP[Project ID],A11) -> 0 | F11: =SUMIFS(TabelB1[In-kind contribution],TabelBP[Name Participant],B11,TabelBP[Project ID],A11)+SUMIFS(TabelB2[In-kind contribution],TabelBP[Name Participant],B11,TabelBP[Project ID],A11)+SUMIFS(TabelB3[In-kind contribution],TabelBP[Name Participant],B11,TabelBP[Project ID],A11)+SUMIFS(TabelB4[In-kind contribution],TabelBP[Name Participant],B11,TabelBP[Project ID],A11)+SUMIFS(TabelB5[In-kind contribution],TabelBP[Name Participant],B11,TabelBP[Project ID],A11)+SUMIFS(TabelB6[In-kind contribution],TabelBP[Name Participant],B11,TabelBP[Project ID],A11) -> 0 | G11: =SUMIFS(TabelB1[In-cash contribution],TabelBP[Name Participant],B11,TabelBP[Project ID],A11)+SUMIFS(TabelB2[In-cash contribution],TabelBP[Name Participant],B11,TabelBP[Project ID],A11)+SUMIFS(TabelB3[In-cash contribution],TabelBP[Name Participant],B11,TabelBP[Project ID],A11)+SUMIFS(TabelB4[In-cash contribution],TabelBP[Name Participant],B11,TabelBP[Project ID],A11)+SUMIFS(TabelB5[In-cash contribution],TabelBP[Name Participant],B11,TabelBP[Project ID],A11)+SUMIFS(TabelB6[In-cash contribution],TabelBP[Name Participant],B11,TabelBP[Project ID],A11) -> 0 | H11: =SUMIFS(TabelB1[PPP Allowance],TabelBP[Name Participant],B11,TabelBP[Project ID],A11)+SUMIFS(TabelB2[[PPP allowance ]],TabelBP[Name Participant],B11,TabelBP[Project ID],A11)+SUMIFS(TabelB3[PPP Allowance],TabelBP[Name Participant],B11,TabelBP[Project ID],A11)+SUMIFS(TabelB4[PPP Allowance],TabelBP[Name Participant],B11,TabelBP[Project ID],A11)+SUMIFS(TabelB5[PPP Allowance],TabelBP[Name Participant],B11,TabelBP[Project ID],A11)+SUMIFS(TabelB6[PPP Allowance],TabelBP[Name Participant],B11,TabelBP[Project ID],A11) -> 0 | I11: =SUMIFS(TabelB1[Received cash],TabelBP[Name Participant],B11,TabelBP[Project ID],A11)+SUMIFS(TabelB2[Received cash],TabelBP[Name Participant],B11,TabelBP[Project ID],A11)+SUMIFS(TabelB3[Received cash],TabelBP[Name Participant],B11,TabelBP[Project ID],A11)+SUMIFS(TabelB4[Received cash],TabelBP[Name Participant],B11,TabelBP[Project ID],A11)+SUMIFS(TabelB5[Received cash],TabelBP[Name Participant],B11,TabelBP[Project ID],A11)+SUMIFS(TabelB6[Received cash],TabelBP[Name Participant],B11,TabelBP[Project ID],A11) -> 0 | J11: =SUMIFS(TabelB1[Received other funding],TabelBP[Name Participant],B11,TabelBP[Project ID],A11)+SUMIFS(TabelB2[Received other funding],TabelBP[Name Participant],B11,TabelBP[Project ID],A11)+SUMIFS(TabelB3[Received other funding],TabelBP[Name Participant],B11,TabelBP[Project ID],A11)+SUMIFS(TabelB4[Received other funding],TabelBP[Name Participant],B11,TabelBP[Project ID],A11)+SUMIFS(TabelB5[Received other funding],TabelBP[Name Participant],B11,TabelBP[Project ID],A11)+SUMIFS(TabelB6[Received other funding],TabelBP[Name Participant],B11,TabelBP[Project ID],A11) -> 0
A12: =IFERROR(INDEX(TabelBP[Project ID], MATCH(TabelOBP[[#This Row],[Name Participant]],TabelBP[Name Participant],0)), " ") | B12: =IF(INDEX(TabelBP[Name Participant],8)<>0, INDEX(TabelBP[Name Participant],8)," ") | C12: =IFERROR(INDEX(TabelBP[Organization Type], MATCH(TabelOBP[[#This Row],[Name Participant]],TabelBP[Name Participant],0)), " ") | D12: =IFERROR(INDEX(TabelBP[Foreign?], MATCH(TabelOBP[[#This Row],[Name Participant]],TabelBP[Name Participant],0)), " ") | E12: =SUMIFS(TabelB1[Costs],TabelBP[Name Participant],B12,TabelBP[Project ID],A12)+SUMIFS(TabelB2[Costs],TabelBP[Name Participant],B12,TabelBP[Project ID],A12)+SUMIFS(TabelB3[Costs],TabelBP[Name Participant],B12,TabelBP[Project ID],A12)+SUMIFS(TabelB4[Costs],TabelBP[Name Participant],B12,TabelBP[Project ID],A12)+SUMIFS(TabelB5[Costs],TabelBP[Name Participant],B12,TabelBP[Project ID],A12)+SUMIFS(TabelB6[Costs],TabelBP[Name Participant],B12,TabelBP[Project ID],A12) -> 0 | F12: =SUMIFS(TabelB1[In-kind contribution],TabelBP[Name Participant],B12,TabelBP[Project ID],A12)+SUMIFS(TabelB2[In-kind contribution],TabelBP[Name Participant],B12,TabelBP[Project ID],A12)+SUMIFS(TabelB3[In-kind contribution],TabelBP[Name Participant],B12,TabelBP[Project ID],A12)+SUMIFS(TabelB4[In-kind contribution],TabelBP[Name Participant],B12,TabelBP[Project ID],A12)+SUMIFS(TabelB5[In-kind contribution],TabelBP[Name Participant],B12,TabelBP[Project ID],A12)+SUMIFS(TabelB6[In-kind contribution],TabelBP[Name Participant],B12,TabelBP[Project ID],A12) -> 0 | G12: =SUMIFS(TabelB1[In-cash contribution],TabelBP[Name Participant],B12,TabelBP[Project ID],A12)+SUMIFS(TabelB2[In-cash contribution],TabelBP[Name Participant],B12,TabelBP[Project ID],A12)+SUMIFS(TabelB3[In-cash contribution],TabelBP[Name Participant],B12,TabelBP[Project ID],A12)+SUMIFS(TabelB4[In-cash contribution],TabelBP[Name Participant],B12,TabelBP[Project ID],A12)+SUMIFS(TabelB5[In-cash contribution],TabelBP[Name Participant],B12,TabelBP[Project ID],A12)+SUMIFS(TabelB6[In-cash contribution],TabelBP[Name Participant],B12,TabelBP[Project ID],A12) -> 0 | H12: =SUMIFS(TabelB1[PPP Allowance],TabelBP[Name Participant],B12,TabelBP[Project ID],A12)+SUMIFS(TabelB2[[PPP allowance ]],TabelBP[Name Participant],B12,TabelBP[Project ID],A12)+SUMIFS(TabelB3[PPP Allowance],TabelBP[Name Participant],B12,TabelBP[Project ID],A12)+SUMIFS(TabelB4[PPP Allowance],TabelBP[Name Participant],B12,TabelBP[Project ID],A12)+SUMIFS(TabelB5[PPP Allowance],TabelBP[Name Participant],B12,TabelBP[Project ID],A12)+SUMIFS(TabelB6[PPP Allowance],TabelBP[Name Participant],B12,TabelBP[Project ID],A12) -> 0 | I12: =SUMIFS(TabelB1[Received cash],TabelBP[Name Participant],B12,TabelBP[Project ID],A12)+SUMIFS(TabelB2[Received cash],TabelBP[Name Participant],B12,TabelBP[Project ID],A12)+SUMIFS(TabelB3[Received cash],TabelBP[Name Participant],B12,TabelBP[Project ID],A12)+SUMIFS(TabelB4[Received cash],TabelBP[Name Participant],B12,TabelBP[Project ID],A12)+SUMIFS(TabelB5[Received cash],TabelBP[Name Participant],B12,TabelBP[Project ID],A12)+SUMIFS(TabelB6[Received cash],TabelBP[Name Participant],B12,TabelBP[Project ID],A12) -> 0 | J12: =SUMIFS(TabelB1[Received other funding],TabelBP[Name Participant],B12,TabelBP[Project ID],A12)+SUMIFS(TabelB2[Received other funding],TabelBP[Name Participant],B12,TabelBP[Project ID],A12)+SUMIFS(TabelB3[Received other funding],TabelBP[Name Participant],B12,TabelBP[Project ID],A12)+SUMIFS(TabelB4[Received other funding],TabelBP[Name Participant],B12,TabelBP[Project ID],A12)+SUMIFS(TabelB5[Received other funding],TabelBP[Name Participant],B12,TabelBP[Project ID],A12)+SUMIFS(TabelB6[Received other funding],TabelBP[Name Participant],B12,TabelBP[Project ID],A12) -> 0
A13: =IFERROR(INDEX(TabelBP[Project ID], MATCH(TabelOBP[[#This Row],[Name Participant]],TabelBP[Name Participant],0)), " ") | B13: =IF(INDEX(TabelBP[Name Participant],9)<>0, INDEX(TabelBP[Name Participant],9)," ") | C13: =IFERROR(INDEX(TabelBP[Organization Type], MATCH(TabelOBP[[#This Row],[Name Participant]],TabelBP[Name Participant],0)), " ") | D13: =IFERROR(INDEX(TabelBP[Foreign?], MATCH(TabelOBP[[#This Row],[Name Participant]],TabelBP[Name Participant],0)), " ") | E13: =SUMIFS(TabelB1[Costs],TabelBP[Name Participant],B13,TabelBP[Project ID],A13)+SUMIFS(TabelB2[Costs],TabelBP[Name Participant],B13,TabelBP[Project ID],A13)+SUMIFS(TabelB3[Costs],TabelBP[Name Participant],B13,TabelBP[Project ID],A13)+SUMIFS(TabelB4[Costs],TabelBP[Name Participant],B13,TabelBP[Project ID],A13)+SUMIFS(TabelB5[Costs],TabelBP[Name Participant],B13,TabelBP[Project ID],A13)+SUMIFS(TabelB6[Costs],TabelBP[Name Participant],B13,TabelBP[Project ID],A13) -> 0 | F13: =SUMIFS(TabelB1[In-kind contribution],TabelBP[Name Participant],B13,TabelBP[Project ID],A13)+SUMIFS(TabelB2[In-kind contribution],TabelBP[Name Participant],B13,TabelBP[Project ID],A13)+SUMIFS(TabelB3[In-kind contribution],TabelBP[Name Participant],B13,TabelBP[Project ID],A13)+SUMIFS(TabelB4[In-kind contribution],TabelBP[Name Participant],B13,TabelBP[Project ID],A13)+SUMIFS(TabelB5[In-kind contribution],TabelBP[Name Participant],B13,TabelBP[Project ID],A13)+SUMIFS(TabelB6[In-kind contribution],TabelBP[Name Participant],B13,TabelBP[Project ID],A13) -> 0 | G13: =SUMIFS(TabelB1[In-cash contribution],TabelBP[Name Participant],B13,TabelBP[Project ID],A13)+SUMIFS(TabelB2[In-cash contribution],TabelBP[Name Participant],B13,TabelBP[Project ID],A13)+SUMIFS(TabelB3[In-cash contribution],TabelBP[Name Participant],B13,TabelBP[Project ID],A13)+SUMIFS(TabelB4[In-cash contribution],TabelBP[Name Participant],B13,TabelBP[Project ID],A13)+SUMIFS(TabelB5[In-cash contribution],TabelBP[Name Participant],B13,TabelBP[Project ID],A13)+SUMIFS(TabelB6[In-cash contribution],TabelBP[Name Participant],B13,TabelBP[Project ID],A13) -> 0 | H13: =SUMIFS(TabelB1[PPP Allowance],TabelBP[Name Participant],B13,TabelBP[Project ID],A13)+SUMIFS(TabelB2[[PPP allowance ]],TabelBP[Name Participant],B13,TabelBP[Project ID],A13)+SUMIFS(TabelB3[PPP Allowance],TabelBP[Name Participant],B13,TabelBP[Project ID],A13)+SUMIFS(TabelB4[PPP Allowance],TabelBP[Name Participant],B13,TabelBP[Project ID],A13)+SUMIFS(TabelB5[PPP Allowance],TabelBP[Name Participant],B13,TabelBP[Project ID],A13)+SUMIFS(TabelB6[PPP Allowance],TabelBP[Name Participant],B13,TabelBP[Project ID],A13) -> 0 | I13: =SUMIFS(TabelB1[Received cash],TabelBP[Name Participant],B13,TabelBP[Project ID],A13)+SUMIFS(TabelB2[Received cash],TabelBP[Name Participant],B13,TabelBP[Project ID],A13)+SUMIFS(TabelB3[Received cash],TabelBP[Name Participant],B13,TabelBP[Project ID],A13)+SUMIFS(TabelB4[Received cash],TabelBP[Name Participant],B13,TabelBP[Project ID],A13)+SUMIFS(TabelB5[Received cash],TabelBP[Name Participant],B13,TabelBP[Project ID],A13)+SUMIFS(TabelB6[Received cash],TabelBP[Name Participant],B13,TabelBP[Project ID],A13) -> 0 | J13: =SUMIFS(TabelB1[Received other funding],TabelBP[Name Participant],B13,TabelBP[Project ID],A13)+SUMIFS(TabelB2[Received other funding],TabelBP[Name Participant],B13,TabelBP[Project ID],A13)+SUMIFS(TabelB3[Received other funding],TabelBP[Name Participant],B13,TabelBP[Project ID],A13)+SUMIFS(TabelB4[Received other funding],TabelBP[Name Participant],B13,TabelBP[Project ID],A13)+SUMIFS(TabelB5[Received other funding],TabelBP[Name Participant],B13,TabelBP[Project ID],A13)+SUMIFS(TabelB6[Received other funding],TabelBP[Name Participant],B13,TabelBP[Project ID],A13) -> 0
A14: =IFERROR(INDEX(TabelBP[Project ID], MATCH(TabelOBP[[#This Row],[Name Participant]],TabelBP[Name Participant],0)), " ") | B14: =IF(INDEX(TabelBP[Name Participant],10)<>0, INDEX(TabelBP[Name Participant],10)," ") | C14: =IFERROR(INDEX(TabelBP[Organization Type], MATCH(TabelOBP[[#This Row],[Name Participant]],TabelBP[Name Participant],0)), " ") | D14: =IFERROR(INDEX(TabelBP[Foreign?], MATCH(TabelOBP[[#This Row],[Name Participant]],TabelBP[Name Participant],0)), " ") | E14: =SUMIFS(TabelB1[Costs],TabelBP[Name Participant],B14,TabelBP[Project ID],A14)+SUMIFS(TabelB2[Costs],TabelBP[Name Participant],B14,TabelBP[Project ID],A14)+SUMIFS(TabelB3[Costs],TabelBP[Name Participant],B14,TabelBP[Project ID],A14)+SUMIFS(TabelB4[Costs],TabelBP[Name Participant],B14,TabelBP[Project ID],A14)+SUMIFS(TabelB5[Costs],TabelBP[Name Participant],B14,TabelBP[Project ID],A14)+SUMIFS(TabelB6[Costs],TabelBP[Name Participant],B14,TabelBP[Project ID],A14) -> 0 | F14: =SUMIFS(TabelB1[In-kind contribution],TabelBP[Name Participant],B14,TabelBP[Project ID],A14)+SUMIFS(TabelB2[In-kind contribution],TabelBP[Name Participant],B14,TabelBP[Project ID],A14)+SUMIFS(TabelB3[In-kind contribution],TabelBP[Name Participant],B14,TabelBP[Project ID],A14)+SUMIFS(TabelB4[In-kind contribution],TabelBP[Name Participant],B14,TabelBP[Project ID],A14)+SUMIFS(TabelB5[In-kind contribution],TabelBP[Name Participant],B14,TabelBP[Project ID],A14)+SUMIFS(TabelB6[In-kind contribution],TabelBP[Name Participant],B14,TabelBP[Project ID],A14) -> 0 | G14: =SUMIFS(TabelB1[In-cash contribution],TabelBP[Name Participant],B14,TabelBP[Project ID],A14)+SUMIFS(TabelB2[In-cash contribution],TabelBP[Name Participant],B14,TabelBP[Project ID],A14)+SUMIFS(TabelB3[In-cash contribution],TabelBP[Name Participant],B14,TabelBP[Project ID],A14)+SUMIFS(TabelB4[In-cash contribution],TabelBP[Name Participant],B14,TabelBP[Project ID],A14)+SUMIFS(TabelB5[In-cash contribution],TabelBP[Name Participant],B14,TabelBP[Project ID],A14)+SUMIFS(TabelB6[In-cash contribution],TabelBP[Name Participant],B14,TabelBP[Project ID],A14) -> 0 | H14: =SUMIFS(TabelB1[PPP Allowance],TabelBP[Name Participant],B14,TabelBP[Project ID],A14)+SUMIFS(TabelB2[[PPP allowance ]],TabelBP[Name Participant],B14,TabelBP[Project ID],A14)+SUMIFS(TabelB3[PPP Allowance],TabelBP[Name Participant],B14,TabelBP[Project ID],A14)+SUMIFS(TabelB4[PPP Allowance],TabelBP[Name Participant],B14,TabelBP[Project ID],A14)+SUMIFS(TabelB5[PPP Allowance],TabelBP[Name Participant],B14,TabelBP[Project ID],A14)+SUMIFS(TabelB6[PPP Allowance],TabelBP[Name Participant],B14,TabelBP[Project ID],A14) -> 0 | I14: =SUMIFS(TabelB1[Received cash],TabelBP[Name Participant],B14,TabelBP[Project ID],A14)+SUMIFS(TabelB2[Received cash],TabelBP[Name Participant],B14,TabelBP[Project ID],A14)+SUMIFS(TabelB3[Received cash],TabelBP[Name Participant],B14,TabelBP[Project ID],A14)+SUMIFS(TabelB4[Received cash],TabelBP[Name Participant],B14,TabelBP[Project ID],A14)+SUMIFS(TabelB5[Received cash],TabelBP[Name Participant],B14,TabelBP[Project ID],A14)+SUMIFS(TabelB6[Received cash],TabelBP[Name Participant],B14,TabelBP[Project ID],A14) -> 0 | J14: =SUMIFS(TabelB1[Received other funding],TabelBP[Name Participant],B14,TabelBP[Project ID],A14)+SUMIFS(TabelB2[Received other funding],TabelBP[Name Participant],B14,TabelBP[Project ID],A14)+SUMIFS(TabelB3[Received other funding],TabelBP[Name Participant],B14,TabelBP[Project ID],A14)+SUMIFS(TabelB4[Received other funding],TabelBP[Name Participant],B14,TabelBP[Project ID],A14)+SUMIFS(TabelB5[Received other funding],TabelBP[Name Participant],B14,TabelBP[Project ID],A14)+SUMIFS(TabelB6[Received other funding],TabelBP[Name Participant],B14,TabelBP[Project ID],A14) -> 0
A15: =IFERROR(INDEX(TabelBP[Project ID], MATCH(TabelOBP[[#This Row],[Name Participant]],TabelBP[Name Participant],0)), " ") | B15: =IF(INDEX(TabelBP[Name Participant],11)<>0, INDEX(TabelBP[Name Participant],11)," ") | C15: =IFERROR(INDEX(TabelBP[Organization Type], MATCH(TabelOBP[[#This Row],[Name Participant]],TabelBP[Name Participant],0)), " ") | D15: =IFERROR(INDEX(TabelBP[Foreign?], MATCH(TabelOBP[[#This Row],[Name Participant]],TabelBP[Name Participant],0)), " ") | E15: =SUMIFS(TabelB1[Costs],TabelBP[Name Participant],B15,TabelBP[Project ID],A15)+SUMIFS(TabelB2[Costs],TabelBP[Name Participant],B15,TabelBP[Project ID],A15)+SUMIFS(TabelB3[Costs],TabelBP[Name Participant],B15,TabelBP[Project ID],A15)+SUMIFS(TabelB4[Costs],TabelBP[Name Participant],B15,TabelBP[Project ID],A15)+SUMIFS(TabelB5[Costs],TabelBP[Name Participant],B15,TabelBP[Project ID],A15)+SUMIFS(TabelB6[Costs],TabelBP[Name Participant],B15,TabelBP[Project ID],A15) -> 0 | F15: =SUMIFS(TabelB1[In-kind contribution],TabelBP[Name Participant],B15,TabelBP[Project ID],A15)+SUMIFS(TabelB2[In-kind contribution],TabelBP[Name Participant],B15,TabelBP[Project ID],A15)+SUMIFS(TabelB3[In-kind contribution],TabelBP[Name Participant],B15,TabelBP[Project ID],A15)+SUMIFS(TabelB4[In-kind contribution],TabelBP[Name Participant],B15,TabelBP[Project ID],A15)+SUMIFS(TabelB5[In-kind contribution],TabelBP[Name Participant],B15,TabelBP[Project ID],A15)+SUMIFS(TabelB6[In-kind contribution],TabelBP[Name Participant],B15,TabelBP[Project ID],A15) -> 0 | G15: =SUMIFS(TabelB1[In-cash contribution],TabelBP[Name Participant],B15,TabelBP[Project ID],A15)+SUMIFS(TabelB2[In-cash contribution],TabelBP[Name Participant],B15,TabelBP[Project ID],A15)+SUMIFS(TabelB3[In-cash contribution],TabelBP[Name Participant],B15,TabelBP[Project ID],A15)+SUMIFS(TabelB4[In-cash contribution],TabelBP[Name Participant],B15,TabelBP[Project ID],A15)+SUMIFS(TabelB5[In-cash contribution],TabelBP[Name Participant],B15,TabelBP[Project ID],A15)+SUMIFS(TabelB6[In-cash contribution],TabelBP[Name Participant],B15,TabelBP[Project ID],A15) -> 0 | H15: =SUMIFS(TabelB1[PPP Allowance],TabelBP[Name Participant],B15,TabelBP[Project ID],A15)+SUMIFS(TabelB2[[PPP allowance ]],TabelBP[Name Participant],B15,TabelBP[Project ID],A15)+SUMIFS(TabelB3[PPP Allowance],TabelBP[Name Participant],B15,TabelBP[Project ID],A15)+SUMIFS(TabelB4[PPP Allowance],TabelBP[Name Participant],B15,TabelBP[Project ID],A15)+SUMIFS(TabelB5[PPP Allowance],TabelBP[Name Participant],B15,TabelBP[Project ID],A15)+SUMIFS(TabelB6[PPP Allowance],TabelBP[Name Participant],B15,TabelBP[Project ID],A15) -> 0 | I15: =SUMIFS(TabelB1[Received cash],TabelBP[Name Participant],B15,TabelBP[Project ID],A15)+SUMIFS(TabelB2[Received cash],TabelBP[Name Participant],B15,TabelBP[Project ID],A15)+SUMIFS(TabelB3[Received cash],TabelBP[Name Participant],B15,TabelBP[Project ID],A15)+SUMIFS(TabelB4[Received cash],TabelBP[Name Participant],B15,TabelBP[Project ID],A15)+SUMIFS(TabelB5[Received cash],TabelBP[Name Participant],B15,TabelBP[Project ID],A15)+SUMIFS(TabelB6[Received cash],TabelBP[Name Participant],B15,TabelBP[Project ID],A15) -> 0 | J15: =SUMIFS(TabelB1[Received other funding],TabelBP[Name Participant],B15,TabelBP[Project ID],A15)+SUMIFS(TabelB2[Received other funding],TabelBP[Name Participant],B15,TabelBP[Project ID],A15)+SUMIFS(TabelB3[Received other funding],TabelBP[Name Participant],B15,TabelBP[Project ID],A15)+SUMIFS(TabelB4[Received other funding],TabelBP[Name Participant],B15,TabelBP[Project ID],A15)+SUMIFS(TabelB5[Received other funding],TabelBP[Name Participant],B15,TabelBP[Project ID],A15)+SUMIFS(TabelB6[Received other funding],TabelBP[Name Participant],B15,TabelBP[Project ID],A15) -> 0
D16: Total | E16: =SUM(E5:E15) -> 0 | F16: =SUM(F5:F15) -> 0 | G16: =SUM(G5:G15) -> 0 | H16: =SUM(H5:H15) -> 0 | I16: =SUM(I5:I15) -> 0 | J16: =SUM(J5:J15) -> 0
A17: REALISED EXPENDITURE
A20: Participant Information | E20: Total Project Expenditure
A21: Project ID | B21: Name Participant | C21: Organization type | D21: Foreign? | E21: Costs | F21: In-kind contribution | G21: In-cash contribution | H21: PPP Allowance | I21: Received cash | J21: Received other funding
A22: =IFERROR(INDEX(TabelBP[Project ID], MATCH(TabelOEP[[#This Row],[Name Participant]],TabelBP[Name Participant],0)), " ") | B22: =IF(INDEX(TabelBP[Name Participant],1)<>0, INDEX(TabelBP[Name Participant],1)," ") | C22: =IFERROR(INDEX(TabelBP[Organization Type], MATCH(TabelOEP[[#This Row],[Name Participant]],TabelBP[Name Participant],0)), " ") | D22: =IFERROR(INDEX(TabelBP[Foreign?], MATCH(TabelOEP[[#This Row],[Name Participant]],TabelBP[Name Participant],0)), " ") | E22: =SUMIFS(TabelE1[Costs],TabelEP[Name Participant],B22,TabelEP[Project ID],A22)+SUMIFS(TabelE2[Costs],TabelEP[Name Participant],B22,TabelEP[Project ID],A22)+SUMIFS(TabelE3[Costs],TabelEP[Name Participant],B22,TabelEP[Project ID],A22)+SUMIFS(TabelE4[Costs],TabelEP[Name Participant],B22,TabelEP[Project ID],A22)+SUMIFS(TabelE5[Costs],TabelEP[Name Participant],B22,TabelEP[Project ID],A22)+SUMIFS(TabelE6[Costs],TabelEP[Name Participant],B22,TabelEP[Project ID],A22) -> 0 | F22: =SUMIFS(TabelE1[In-kind contribution],TabelEP[Name Participant],B22,TabelEP[Project ID],A22)+SUMIFS(TabelE2[In-kind contribution],TabelEP[Name Participant],B22,TabelEP[Project ID],A22)+SUMIFS(TabelE3[In-kind contribution],TabelEP[Name Participant],B22,TabelEP[Project ID],A22)+SUMIFS(TabelE4[In-kind contribution],TabelEP[Name Participant],B22,TabelEP[Project ID],A22)+SUMIFS(TabelE5[In-kind contribution],TabelEP[Name Participant],B22,TabelEP[Project ID],A22)+SUMIFS(TabelE6[In-kind contribution],TabelEP[Name Participant],B22,TabelEP[Project ID],A22) -> 0 | G22: =SUMIFS(TabelE1[In-cash contribution],TabelEP[Name Participant],B22,TabelEP[Project ID],A22)+SUMIFS(TabelE2[In-cash contribution],TabelEP[Name Participant],B22,TabelEP[Project ID],A22)+SUMIFS(TabelE3[In-cash contribution],TabelEP[Name Participant],B22,TabelEP[Project ID],A22)+SUMIFS(TabelE4[In-cash contribution],TabelEP[Name Participant],B22,TabelEP[Project ID],A22)+SUMIFS(TabelE5[In-cash contribution],TabelEP[Name Participant],B22,TabelEP[Project ID],A22)+SUMIFS(TabelE6[In-cash contribution],TabelEP[Name Participant],B22,TabelEP[Project ID],A22) -> 0 | H22: =SUMIFS(TabelE1[[PPP Allowance ]],TabelEP[Name Participant],B22,TabelEP[Project ID],A22)+SUMIFS(TabelE2[PPP Allowance],TabelEP[Name Participant],B22,TabelEP[Project ID],A22)+SUMIFS(TabelE3[PPP Allowance],TabelEP[Name Participant],B22,TabelEP[Project ID],A22)+SUMIFS(TabelE4[PPP Allowance],TabelEP[Name Participant],B22,TabelEP[Project ID],A22)+SUMIFS(TabelE5[PPP Allowance],TabelEP[Name Participant],B22,TabelEP[Project ID],A22)+SUMIFS(TabelE6[PPP Allowance],TabelEP[Name Participant],B22,TabelEP[Project ID],A22) -> 0 | I22: =SUMIFS(TabelE1[Received cash],TabelEP[Name Participant],B22,TabelEP[Project ID],A22)+SUMIFS(TabelE2[Received cash],TabelEP[Name Participant],B22,TabelEP[Project ID],A22)+SUMIFS(TabelE3[Received cash],TabelEP[Name Participant],B22,TabelEP[Project ID],A22)+SUMIFS(TabelE4[Received cash],TabelEP[Name Participant],B22,TabelEP[Project ID],A22)+SUMIFS(TabelE5[Received cash],TabelEP[Name Participant],B22,TabelEP[Project ID],A22)+SUMIFS(TabelE6[Received cash],TabelEP[Name Participant],B22,TabelEP[Project ID],A22) -> 0 | J22: =SUMIFS(TabelE1[Received other funding],TabelEP[Name Participant],B22,TabelEP[Project ID],A22)+SUMIFS(TabelE2[Received other funding],TabelEP[Name Participant],B22,TabelEP[Project ID],A22)+SUMIFS(TabelE3[Received other funding],TabelEP[Name Participant],B22,TabelEP[Project ID],A22)+SUMIFS(TabelE4[Received other funding],TabelEP[Name Participant],B22,TabelEP[Project ID],A22)+SUMIFS(TabelE5[Received other funding],TabelEP[Name Participant],B22,TabelEP[Project ID],A22)+SUMIFS(TabelE6[Received other funding],TabelEP[Name Participant],B22,TabelEP[Project ID],A22) -> 0 | L22: =IF(TabelOEP[[#This Row],[Foreign?]] = "Yes", 0, IF(OR(TabelOEP[[#This Row],[Organization type]] = "SME - Micro", TabelOEP[[#This Row],[Organization type]] = "SME - Small", TabelOEP[[#This Row],[Organization type]] = "SME - Medium"),(TabelOE[[#This Row],[Costs]]*I38*0.5+TabelOE[[#This Row],[Costs]]*I39*0.5+TabelOE[[#This Row],[Costs]]*I40*0.25), IF(TabelOEP[[#This Row],[Organization type]] = "Large enterprise",0,IF(TabelOEP[[#This Row],[Organization type]]="Other",0,IF(TabelOEP[[#This Row],[Organization type]] = "Research organization",TabelOE[[#This Row],[Costs]]))))) -> FALSE
A23: =IFERROR(INDEX(TabelBP[Project ID], MATCH(TabelOEP[[#This Row],[Name Participant]],TabelBP[Name Participant],0)), " ") | B23: =IF(INDEX(TabelBP[Name Participant],2)<>0, INDEX(TabelBP[Name Participant],2)," ") | C23: =IFERROR(INDEX(TabelBP[Organization Type], MATCH(TabelOEP[[#This Row],[Name Participant]],TabelBP[Name Participant],0)), " ") | D23: =IFERROR(INDEX(TabelBP[Foreign?], MATCH(TabelOEP[[#This Row],[Name Participant]],TabelBP[Name Participant],0)), " ") | E23: =SUMIFS(TabelE1[Costs],TabelEP[Name Participant],B23,TabelEP[Project ID],A23)+SUMIFS(TabelE2[Costs],TabelEP[Name Participant],B23,TabelEP[Project ID],A23)+SUMIFS(TabelE3[Costs],TabelEP[Name Participant],B23,TabelEP[Project ID],A23)+SUMIFS(TabelE4[Costs],TabelEP[Name Participant],B23,TabelEP[Project ID],A23)+SUMIFS(TabelE5[Costs],TabelEP[Name Participant],B23,TabelEP[Project ID],A23)+SUMIFS(TabelE6[Costs],TabelEP[Name Participant],B23,TabelEP[Project ID],A23) -> 0 | F23: =SUMIFS(TabelE1[In-kind contribution],TabelEP[Name Participant],B23,TabelEP[Project ID],A23)+SUMIFS(TabelE2[In-kind contribution],TabelEP[Name Participant],B23,TabelEP[Project ID],A23)+SUMIFS(TabelE3[In-kind contribution],TabelEP[Name Participant],B23,TabelEP[Project ID],A23)+SUMIFS(TabelE4[In-kind contribution],TabelEP[Name Participant],B23,TabelEP[Project ID],A23)+SUMIFS(TabelE5[In-kind contribution],TabelEP[Name Participant],B23,TabelEP[Project ID],A23)+SUMIFS(TabelE6[In-kind contribution],TabelEP[Name Participant],B23,TabelEP[Project ID],A23) -> 0 | G23: =SUMIFS(TabelE1[In-cash contribution],TabelEP[Name Participant],B23,TabelEP[Project ID],A23)+SUMIFS(TabelE2[In-cash contribution],TabelEP[Name Participant],B23,TabelEP[Project ID],A23)+SUMIFS(TabelE3[In-cash contribution],TabelEP[Name Participant],B23,TabelEP[Project ID],A23)+SUMIFS(TabelE4[In-cash contribution],TabelEP[Name Participant],B23,TabelEP[Project ID],A23)+SUMIFS(TabelE5[In-cash contribution],TabelEP[Name Participant],B23,TabelEP[Project ID],A23)+SUMIFS(TabelE6[In-cash contribution],TabelEP[Name Participant],B23,TabelEP[Project ID],A23) -> 0 | H23: =SUMIFS(TabelE1[[PPP Allowance ]],TabelEP[Name Participant],B23,TabelEP[Project ID],A23)+SUMIFS(TabelE2[PPP Allowance],TabelEP[Name Participant],B23,TabelEP[Project ID],A23)+SUMIFS(TabelE3[PPP Allowance],TabelEP[Name Participant],B23,TabelEP[Project ID],A23)+SUMIFS(TabelE4[PPP Allowance],TabelEP[Name Participant],B23,TabelEP[Project ID],A23)+SUMIFS(TabelE5[PPP Allowance],TabelEP[Name Participant],B23,TabelEP[Project ID],A23)+SUMIFS(TabelE6[PPP Allowance],TabelEP[Name Participant],B23,TabelEP[Project ID],A23) -> 0 | I23: =SUMIFS(TabelE1[Received cash],TabelEP[Name Participant],B23,TabelEP[Project ID],A23)+SUMIFS(TabelE2[Received cash],TabelEP[Name Participant],B23,TabelEP[Project ID],A23)+SUMIFS(TabelE3[Received cash],TabelEP[Name Participant],B23,TabelEP[Project ID],A23)+SUMIFS(TabelE4[Received cash],TabelEP[Name Participant],B23,TabelEP[Project ID],A23)+SUMIFS(TabelE5[Received cash],TabelEP[Name Participant],B23,TabelEP[Project ID],A23)+SUMIFS(TabelE6[Received cash],TabelEP[Name Participant],B23,TabelEP[Project ID],A23) -> 0 | J23: =SUMIFS(TabelE1[Received other funding],TabelEP[Name Participant],B23,TabelEP[Project ID],A23)+SUMIFS(TabelE2[Received other funding],TabelEP[Name Participant],B23,TabelEP[Project ID],A23)+SUMIFS(TabelE3[Received other funding],TabelEP[Name Participant],B23,TabelEP[Project ID],A23)+SUMIFS(TabelE4[Received other funding],TabelEP[Name Participant],B23,TabelEP[Project ID],A23)+SUMIFS(TabelE5[Received other funding],TabelEP[Name Participant],B23,TabelEP[Project ID],A23)+SUMIFS(TabelE6[Received other funding],TabelEP[Name Participant],B23,TabelEP[Project ID],A23) -> 0 | L23: =IF(TabelOEP[[#This Row],[Foreign?]] = "Yes", 0, IF(OR(TabelOEP[[#This Row],[Organization type]] = "SME - Micro", TabelOEP[[#This Row],[Organization type]] = "SME - Small", TabelOEP[[#This Row],[Organization type]] = "SME - Medium"),(TabelOE[[#This Row],[Costs]]*I38*0.5+TabelOE[[#This Row],[Costs]]*I39*0.5+TabelOE[[#This Row],[Costs]]*I40*0.25), IF(TabelOEP[[#This Row],[Organization type]] = "Large enterprise",0,IF(TabelOEP[[#This Row],[Organization type]]="Other",0,IF(TabelOEP[[#This Row],[Organization type]] = "Research organization",TabelOE[[#This Row],[Costs]]))))) -> FALSE
A24: =IFERROR(INDEX(TabelBP[Project ID], MATCH(TabelOEP[[#This Row],[Name Participant]],TabelBP[Name Participant],0)), " ") | B24: =IF(INDEX(TabelBP[Name Participant],3)<>0, INDEX(TabelBP[Name Participant],3)," ") | C24: =IFERROR(INDEX(TabelBP[Organization Type], MATCH(TabelOEP[[#This Row],[Name Participant]],TabelBP[Name Participant],0)), " ") | D24: =IFERROR(INDEX(TabelBP[Foreign?], MATCH(TabelOEP[[#This Row],[Name Participant]],TabelBP[Name Participant],0)), " ") | E24: =SUMIFS(TabelE1[Costs],TabelEP[Name Participant],B24,TabelEP[Project ID],A24)+SUMIFS(TabelE2[Costs],TabelEP[Name Participant],B24,TabelEP[Project ID],A24)+SUMIFS(TabelE3[Costs],TabelEP[Name Participant],B24,TabelEP[Project ID],A24)+SUMIFS(TabelE4[Costs],TabelEP[Name Participant],B24,TabelEP[Project ID],A24)+SUMIFS(TabelE5[Costs],TabelEP[Name Participant],B24,TabelEP[Project ID],A24)+SUMIFS(TabelE6[Costs],TabelEP[Name Participant],B24,TabelEP[Project ID],A24) -> 0 | F24: =SUMIFS(TabelE1[In-kind contribution],TabelEP[Name Participant],B24,TabelEP[Project ID],A24)+SUMIFS(TabelE2[In-kind contribution],TabelEP[Name Participant],B24,TabelEP[Project ID],A24)+SUMIFS(TabelE3[In-kind contribution],TabelEP[Name Participant],B24,TabelEP[Project ID],A24)+SUMIFS(TabelE4[In-kind contribution],TabelEP[Name Participant],B24,TabelEP[Project ID],A24)+SUMIFS(TabelE5[In-kind contribution],TabelEP[Name Participant],B24,TabelEP[Project ID],A24)+SUMIFS(TabelE6[In-kind contribution],TabelEP[Name Participant],B24,TabelEP[Project ID],A24) -> 0 | G24: =SUMIFS(TabelE1[In-cash contribution],TabelEP[Name Participant],B24,TabelEP[Project ID],A24)+SUMIFS(TabelE2[In-cash contribution],TabelEP[Name Participant],B24,TabelEP[Project ID],A24)+SUMIFS(TabelE3[In-cash contribution],TabelEP[Name Participant],B24,TabelEP[Project ID],A24)+SUMIFS(TabelE4[In-cash contribution],TabelEP[Name Participant],B24,TabelEP[Project ID],A24)+SUMIFS(TabelE5[In-cash contribution],TabelEP[Name Participant],B24,TabelEP[Project ID],A24)+SUMIFS(TabelE6[In-cash contribution],TabelEP[Name Participant],B24,TabelEP[Project ID],A24) -> 0 | H24: =SUMIFS(TabelE1[[PPP Allowance ]],TabelEP[Name Participant],B24,TabelEP[Project ID],A24)+SUMIFS(TabelE2[PPP Allowance],TabelEP[Name Participant],B24,TabelEP[Project ID],A24)+SUMIFS(TabelE3[PPP Allowance],TabelEP[Name Participant],B24,TabelEP[Project ID],A24)+SUMIFS(TabelE4[PPP Allowance],TabelEP[Name Participant],B24,TabelEP[Project ID],A24)+SUMIFS(TabelE5[PPP Allowance],TabelEP[Name Participant],B24,TabelEP[Project ID],A24)+SUMIFS(TabelE6[PPP Allowance],TabelEP[Name Participant],B24,TabelEP[Project ID],A24) -> 0 | I24: =SUMIFS(TabelE1[Received cash],TabelEP[Name Participant],B24,TabelEP[Project ID],A24)+SUMIFS(TabelE2[Received cash],TabelEP[Name Participant],B24,TabelEP[Project ID],A24)+SUMIFS(TabelE3[Received cash],TabelEP[Name Participant],B24,TabelEP[Project ID],A24)+SUMIFS(TabelE4[Received cash],TabelEP[Name Participant],B24,TabelEP[Project ID],A24)+SUMIFS(TabelE5[Received cash],TabelEP[Name Participant],B24,TabelEP[Project ID],A24)+SUMIFS(TabelE6[Received cash],TabelEP[Name Participant],B24,TabelEP[Project ID],A24) -> 0 | J24: =SUMIFS(TabelE1[Received other funding],TabelEP[Name Participant],B24,TabelEP[Project ID],A24)+SUMIFS(TabelE2[Received other funding],TabelEP[Name Participant],B24,TabelEP[Project ID],A24)+SUMIFS(TabelE3[Received other funding],TabelEP[Name Participant],B24,TabelEP[Project ID],A24)+SUMIFS(TabelE4[Received other funding],TabelEP[Name Participant],B24,TabelEP[Project ID],A24)+SUMIFS(TabelE5[Received other funding],TabelEP[Name Participant],B24,TabelEP[Project ID],A24)+SUMIFS(TabelE6[Received other funding],TabelEP[Name Participant],B24,TabelEP[Project ID],A24) -> 0 | L24: =IF(TabelOEP[[#This Row],[Foreign?]] = "Yes", 0, IF(OR(TabelOEP[[#This Row],[Organization type]] = "SME - Micro", TabelOEP[[#This Row],[Organization type]] = "SME - Small", TabelOEP[[#This Row],[Organization type]] = "SME - Medium"),(TabelOE[[#This Row],[Costs]]*I38*0.5+TabelOE[[#This Row],[Costs]]*I39*0.5+TabelOE[[#This Row],[Costs]]*I40*0.25), IF(TabelOEP[[#This Row],[Organization type]] = "Large enterprise",0,IF(TabelOEP[[#This Row],[Organization type]]="Other",0,IF(TabelOEP[[#This Row],[Organization type]] = "Research organization",TabelOE[[#This Row],[Costs]]))))) -> FALSE
A25: =IFERROR(INDEX(TabelBP[Project ID], MATCH(TabelOEP[[#This Row],[Name Participant]],TabelBP[Name Participant],0)), " ") | B25: =IF(INDEX(TabelBP[Name Participant],4)<>0, INDEX(TabelBP[Name Participant],4)," ") | C25: =IFERROR(INDEX(TabelBP[Organization Type], MATCH(TabelOEP[[#This Row],[Name Participant]],TabelBP[Name Participant],0)), " ") | D25: =IFERROR(INDEX(TabelBP[Foreign?], MATCH(TabelOEP[[#This Row],[Name Participant]],TabelBP[Name Participant],0)), " ") | E25: =SUMIFS(TabelE1[Costs],TabelEP[Name Participant],B25,TabelEP[Project ID],A25)+SUMIFS(TabelE2[Costs],TabelEP[Name Participant],B25,TabelEP[Project ID],A25)+SUMIFS(TabelE3[Costs],TabelEP[Name Participant],B25,TabelEP[Project ID],A25)+SUMIFS(TabelE4[Costs],TabelEP[Name Participant],B25,TabelEP[Project ID],A25)+SUMIFS(TabelE5[Costs],TabelEP[Name Participant],B25,TabelEP[Project ID],A25)+SUMIFS(TabelE6[Costs],TabelEP[Name Participant],B25,TabelEP[Project ID],A25) -> 0 | F25: =SUMIFS(TabelE1[In-kind contribution],TabelEP[Name Participant],B25,TabelEP[Project ID],A25)+SUMIFS(TabelE2[In-kind contribution],TabelEP[Name Participant],B25,TabelEP[Project ID],A25)+SUMIFS(TabelE3[In-kind contribution],TabelEP[Name Participant],B25,TabelEP[Project ID],A25)+SUMIFS(TabelE4[In-kind contribution],TabelEP[Name Participant],B25,TabelEP[Project ID],A25)+SUMIFS(TabelE5[In-kind contribution],TabelEP[Name Participant],B25,TabelEP[Project ID],A25)+SUMIFS(TabelE6[In-kind contribution],TabelEP[Name Participant],B25,TabelEP[Project ID],A25) -> 0 | G25: =SUMIFS(TabelE1[In-cash contribution],TabelEP[Name Participant],B25,TabelEP[Project ID],A25)+SUMIFS(TabelE2[In-cash contribution],TabelEP[Name Participant],B25,TabelEP[Project ID],A25)+SUMIFS(TabelE3[In-cash contribution],TabelEP[Name Participant],B25,TabelEP[Project ID],A25)+SUMIFS(TabelE4[In-cash contribution],TabelEP[Name Participant],B25,TabelEP[Project ID],A25)+SUMIFS(TabelE5[In-cash contribution],TabelEP[Name Participant],B25,TabelEP[Project ID],A25)+SUMIFS(TabelE6[In-cash contribution],TabelEP[Name Participant],B25,TabelEP[Project ID],A25) -> 0 | H25: =SUMIFS(TabelE1[[PPP Allowance ]],TabelEP[Name Participant],B25,TabelEP[Project ID],A25)+SUMIFS(TabelE2[PPP Allowance],TabelEP[Name Participant],B25,TabelEP[Project ID],A25)+SUMIFS(TabelE3[PPP Allowance],TabelEP[Name Participant],B25,TabelEP[Project ID],A25)+SUMIFS(TabelE4[PPP Allowance],TabelEP[Name Participant],B25,TabelEP[Project ID],A25)+SUMIFS(TabelE5[PPP Allowance],TabelEP[Name Participant],B25,TabelEP[Project ID],A25)+SUMIFS(TabelE6[PPP Allowance],TabelEP[Name Participant],B25,TabelEP[Project ID],A25) -> 0 | I25: =SUMIFS(TabelE1[Received cash],TabelEP[Name Participant],B25,TabelEP[Project ID],A25)+SUMIFS(TabelE2[Received cash],TabelEP[Name Participant],B25,TabelEP[Project ID],A25)+SUMIFS(TabelE3[Received cash],TabelEP[Name Participant],B25,TabelEP[Project ID],A25)+SUMIFS(TabelE4[Received cash],TabelEP[Name Participant],B25,TabelEP[Project ID],A25)+SUMIFS(TabelE5[Received cash],TabelEP[Name Participant],B25,TabelEP[Project ID],A25)+SUMIFS(TabelE6[Received cash],TabelEP[Name Participant],B25,TabelEP[Project ID],A25) -> 0 | J25: =SUMIFS(TabelE1[Received other funding],TabelEP[Name Participant],B25,TabelEP[Project ID],A25)+SUMIFS(TabelE2[Received other funding],TabelEP[Name Participant],B25,TabelEP[Project ID],A25)+SUMIFS(TabelE3[Received other funding],TabelEP[Name Participant],B25,TabelEP[Project ID],A25)+SUMIFS(TabelE4[Received other funding],TabelEP[Name Participant],B25,TabelEP[Project ID],A25)+SUMIFS(TabelE5[Received other funding],TabelEP[Name Participant],B25,TabelEP[Project ID],A25)+SUMIFS(TabelE6[Received other funding],TabelEP[Name Participant],B25,TabelEP[Project ID],A25) -> 0 | L25: =IF(TabelOEP[[#This Row],[Foreign?]] = "Yes", 0, IF(OR(TabelOEP[[#This Row],[Organization type]] = "SME - Micro", TabelOEP[[#This Row],[Organization type]] = "SME - Small", TabelOEP[[#This Row],[Organization type]] = "SME - Medium"),(TabelOE[[#This Row],[Costs]]*I38*0.5+TabelOE[[#This Row],[Costs]]*I39*0.5+TabelOE[[#This Row],[Costs]]*I40*0.25), IF(TabelOEP[[#This Row],[Organization type]] = "Large enterprise",0,IF(TabelOEP[[#This Row],[Organization type]]="Other",0,IF(TabelOEP[[#This Row],[Organization type]] = "Research organization",TabelOE[[#This Row],[Costs]]))))) -> FALSE
A26: =IFERROR(INDEX(TabelBP[Project ID], MATCH(TabelOEP[[#This Row],[Name Participant]],TabelBP[Name Participant],0)), " ") | B26: =IF(INDEX(TabelBP[Name Participant],5)<>0, INDEX(TabelBP[Name Participant],5)," ") | C26: =IFERROR(INDEX(TabelBP[Organization Type], MATCH(TabelOEP[[#This Row],[Name Participant]],TabelBP[Name Participant],0)), " ") | D26: =IFERROR(INDEX(TabelBP[Foreign?], MATCH(TabelOEP[[#This Row],[Name Participant]],TabelBP[Name Participant],0)), " ") | E26: =SUMIFS(TabelE1[Costs],TabelEP[Name Participant],B26,TabelEP[Project ID],A26)+SUMIFS(TabelE2[Costs],TabelEP[Name Participant],B26,TabelEP[Project ID],A26)+SUMIFS(TabelE3[Costs],TabelEP[Name Participant],B26,TabelEP[Project ID],A26)+SUMIFS(TabelE4[Costs],TabelEP[Name Participant],B26,TabelEP[Project ID],A26)+SUMIFS(TabelE5[Costs],TabelEP[Name Participant],B26,TabelEP[Project ID],A26)+SUMIFS(TabelE6[Costs],TabelEP[Name Participant],B26,TabelEP[Project ID],A26) -> 0 | F26: =SUMIFS(TabelE1[In-kind contribution],TabelEP[Name Participant],B26,TabelEP[Project ID],A26)+SUMIFS(TabelE2[In-kind contribution],TabelEP[Name Participant],B26,TabelEP[Project ID],A26)+SUMIFS(TabelE3[In-kind contribution],TabelEP[Name Participant],B26,TabelEP[Project ID],A26)+SUMIFS(TabelE4[In-kind contribution],TabelEP[Name Participant],B26,TabelEP[Project ID],A26)+SUMIFS(TabelE5[In-kind contribution],TabelEP[Name Participant],B26,TabelEP[Project ID],A26)+SUMIFS(TabelE6[In-kind contribution],TabelEP[Name Participant],B26,TabelEP[Project ID],A26) -> 0 | G26: =SUMIFS(TabelE1[In-cash contribution],TabelEP[Name Participant],B26,TabelEP[Project ID],A26)+SUMIFS(TabelE2[In-cash contribution],TabelEP[Name Participant],B26,TabelEP[Project ID],A26)+SUMIFS(TabelE3[In-cash contribution],TabelEP[Name Participant],B26,TabelEP[Project ID],A26)+SUMIFS(TabelE4[In-cash contribution],TabelEP[Name Participant],B26,TabelEP[Project ID],A26)+SUMIFS(TabelE5[In-cash contribution],TabelEP[Name Participant],B26,TabelEP[Project ID],A26)+SUMIFS(TabelE6[In-cash contribution],TabelEP[Name Participant],B26,TabelEP[Project ID],A26) -> 0 | H26: =SUMIFS(TabelE1[[PPP Allowance ]],TabelEP[Name Participant],B26,TabelEP[Project ID],A26)+SUMIFS(TabelE2[PPP Allowance],TabelEP[Name Participant],B26,TabelEP[Project ID],A26)+SUMIFS(TabelE3[PPP Allowance],TabelEP[Name Participant],B26,TabelEP[Project ID],A26)+SUMIFS(TabelE4[PPP Allowance],TabelEP[Name Participant],B26,TabelEP[Project ID],A26)+SUMIFS(TabelE5[PPP Allowance],TabelEP[Name Participant],B26,TabelEP[Project ID],A26)+SUMIFS(TabelE6[PPP Allowance],TabelEP[Name Participant],B26,TabelEP[Project ID],A26) -> 0 | I26: =SUMIFS(TabelE1[Received cash],TabelEP[Name Participant],B26,TabelEP[Project ID],A26)+SUMIFS(TabelE2[Received cash],TabelEP[Name Participant],B26,TabelEP[Project ID],A26)+SUMIFS(TabelE3[Received cash],TabelEP[Name Participant],B26,TabelEP[Project ID],A26)+SUMIFS(TabelE4[Received cash],TabelEP[Name Participant],B26,TabelEP[Project ID],A26)+SUMIFS(TabelE5[Received cash],TabelEP[Name Participant],B26,TabelEP[Project ID],A26)+SUMIFS(TabelE6[Received cash],TabelEP[Name Participant],B26,TabelEP[Project ID],A26) -> 0 | J26: =SUMIFS(TabelE1[Received other funding],TabelEP[Name Participant],B26,TabelEP[Project ID],A26)+SUMIFS(TabelE2[Received other funding],TabelEP[Name Participant],B26,TabelEP[Project ID],A26)+SUMIFS(TabelE3[Received other funding],TabelEP[Name Participant],B26,TabelEP[Project ID],A26)+SUMIFS(TabelE4[Received other funding],TabelEP[Name Participant],B26,TabelEP[Project ID],A26)+SUMIFS(TabelE5[Received other funding],TabelEP[Name Participant],B26,TabelEP[Project ID],A26)+SUMIFS(TabelE6[Received other funding],TabelEP[Name Participant],B26,TabelEP[Project ID],A26) -> 0 | L26: =IF(TabelOEP[[#This Row],[Foreign?]] = "Yes", 0, IF(OR(TabelOEP[[#This Row],[Organization type]] = "SME - Micro", TabelOEP[[#This Row],[Organization type]] = "SME - Small", TabelOEP[[#This Row],[Organization type]] = "SME - Medium"),(TabelOE[[#This Row],[Costs]]*I38*0.5+TabelOE[[#This Row],[Costs]]*I39*0.5+TabelOE[[#This Row],[Costs]]*I40*0.25), IF(TabelOEP[[#This Row],[Organization type]] = "Large enterprise",0,IF(TabelOEP[[#This Row],[Organization type]]="Other",0,IF(TabelOEP[[#This Row],[Organization type]] = "Research organization",TabelOE[[#This Row],[Costs]]))))) -> FALSE
A27: =IFERROR(INDEX(TabelBP[Project ID], MATCH(TabelOEP[[#This Row],[Name Participant]],TabelBP[Name Participant],0)), " ") | B27: =IF(INDEX(TabelBP[Name Participant],6)<>0, INDEX(TabelBP[Name Participant],6)," ") | C27: =IFERROR(INDEX(TabelBP[Organization Type], MATCH(TabelOEP[[#This Row],[Name Participant]],TabelBP[Name Participant],0)), " ") | D27: =IFERROR(INDEX(TabelBP[Foreign?], MATCH(TabelOEP[[#This Row],[Name Participant]],TabelBP[Name Participant],0)), " ") | E27: =SUMIFS(TabelE1[Costs],TabelEP[Name Participant],B27,TabelEP[Project ID],A27)+SUMIFS(TabelE2[Costs],TabelEP[Name Participant],B27,TabelEP[Project ID],A27)+SUMIFS(TabelE3[Costs],TabelEP[Name Participant],B27,TabelEP[Project ID],A27)+SUMIFS(TabelE4[Costs],TabelEP[Name Participant],B27,TabelEP[Project ID],A27)+SUMIFS(TabelE5[Costs],TabelEP[Name Participant],B27,TabelEP[Project ID],A27)+SUMIFS(TabelE6[Costs],TabelEP[Name Participant],B27,TabelEP[Project ID],A27) -> 0 | F27: =SUMIFS(TabelE1[In-kind contribution],TabelEP[Name Participant],B27,TabelEP[Project ID],A27)+SUMIFS(TabelE2[In-kind contribution],TabelEP[Name Participant],B27,TabelEP[Project ID],A27)+SUMIFS(TabelE3[In-kind contribution],TabelEP[Name Participant],B27,TabelEP[Project ID],A27)+SUMIFS(TabelE4[In-kind contribution],TabelEP[Name Participant],B27,TabelEP[Project ID],A27)+SUMIFS(TabelE5[In-kind contribution],TabelEP[Name Participant],B27,TabelEP[Project ID],A27)+SUMIFS(TabelE6[In-kind contribution],TabelEP[Name Participant],B27,TabelEP[Project ID],A27) -> 0 | G27: =SUMIFS(TabelE1[In-cash contribution],TabelEP[Name Participant],B27,TabelEP[Project ID],A27)+SUMIFS(TabelE2[In-cash contribution],TabelEP[Name Participant],B27,TabelEP[Project ID],A27)+SUMIFS(TabelE3[In-cash contribution],TabelEP[Name Participant],B27,TabelEP[Project ID],A27)+SUMIFS(TabelE4[In-cash contribution],TabelEP[Name Participant],B27,TabelEP[Project ID],A27)+SUMIFS(TabelE5[In-cash contribution],TabelEP[Name Participant],B27,TabelEP[Project ID],A27)+SUMIFS(TabelE6[In-cash contribution],TabelEP[Name Participant],B27,TabelEP[Project ID],A27) -> 0 | H27: =SUMIFS(TabelE1[[PPP Allowance ]],TabelEP[Name Participant],B27,TabelEP[Project ID],A27)+SUMIFS(TabelE2[PPP Allowance],TabelEP[Name Participant],B27,TabelEP[Project ID],A27)+SUMIFS(TabelE3[PPP Allowance],TabelEP[Name Participant],B27,TabelEP[Project ID],A27)+SUMIFS(TabelE4[PPP Allowance],TabelEP[Name Participant],B27,TabelEP[Project ID],A27)+SUMIFS(TabelE5[PPP Allowance],TabelEP[Name Participant],B27,TabelEP[Project ID],A27)+SUMIFS(TabelE6[PPP Allowance],TabelEP[Name Participant],B27,TabelEP[Project ID],A27) -> 0 | I27: =SUMIFS(TabelE1[Received cash],TabelEP[Name Participant],B27,TabelEP[Project ID],A27)+SUMIFS(TabelE2[Received cash],TabelEP[Name Participant],B27,TabelEP[Project ID],A27)+SUMIFS(TabelE3[Received cash],TabelEP[Name Participant],B27,TabelEP[Project ID],A27)+SUMIFS(TabelE4[Received cash],TabelEP[Name Participant],B27,TabelEP[Project ID],A27)+SUMIFS(TabelE5[Received cash],TabelEP[Name Participant],B27,TabelEP[Project ID],A27)+SUMIFS(TabelE6[Received cash],TabelEP[Name Participant],B27,TabelEP[Project ID],A27) -> 0 | J27: =SUMIFS(TabelE1[Received other funding],TabelEP[Name Participant],B27,TabelEP[Project ID],A27)+SUMIFS(TabelE2[Received other funding],TabelEP[Name Participant],B27,TabelEP[Project ID],A27)+SUMIFS(TabelE3[Received other funding],TabelEP[Name Participant],B27,TabelEP[Project ID],A27)+SUMIFS(TabelE4[Received other funding],TabelEP[Name Participant],B27,TabelEP[Project ID],A27)+SUMIFS(TabelE5[Received other funding],TabelEP[Name Participant],B27,TabelEP[Project ID],A27)+SUMIFS(TabelE6[Received other funding],TabelEP[Name Participant],B27,TabelEP[Project ID],A27) -> 0 | L27: =IF(TabelOEP[[#This Row],[Foreign?]] = "Yes", 0, IF(OR(TabelOEP[[#This Row],[Organization type]] = "SME - Micro", TabelOEP[[#This Row],[Organization type]] = "SME - Small", TabelOEP[[#This Row],[Organization type]] = "SME - Medium"),(TabelOE[[#This Row],[Costs]]*I38*0.5+TabelOE[[#This Row],[Costs]]*I39*0.5+TabelOE[[#This Row],[Costs]]*I40*0.25), IF(TabelOEP[[#This Row],[Organization type]] = "Large enterprise",0,IF(TabelOEP[[#This Row],[Organization type]]="Other",0,IF(TabelOEP[[#This Row],[Organization type]] = "Research organization",TabelOE[[#This Row],[Costs]]))))) -> FALSE
A28: =IFERROR(INDEX(TabelBP[Project ID], MATCH(TabelOEP[[#This Row],[Name Participant]],TabelBP[Name Participant],0)), " ") | B28: =IF(INDEX(TabelBP[Name Participant],7)<>0, INDEX(TabelBP[Name Participant],7)," ") | C28: =IFERROR(INDEX(TabelBP[Organization Type], MATCH(TabelOEP[[#This Row],[Name Participant]],TabelBP[Name Participant],0)), " ") | D28: =IFERROR(INDEX(TabelBP[Foreign?], MATCH(TabelOEP[[#This Row],[Name Participant]],TabelBP[Name Participant],0)), " ") | E28: =SUMIFS(TabelE1[Costs],TabelEP[Name Participant],B28,TabelEP[Project ID],A28)+SUMIFS(TabelE2[Costs],TabelEP[Name Participant],B28,TabelEP[Project ID],A28)+SUMIFS(TabelE3[Costs],TabelEP[Name Participant],B28,TabelEP[Project ID],A28)+SUMIFS(TabelE4[Costs],TabelEP[Name Participant],B28,TabelEP[Project ID],A28)+SUMIFS(TabelE5[Costs],TabelEP[Name Participant],B28,TabelEP[Project ID],A28)+SUMIFS(TabelE6[Costs],TabelEP[Name Participant],B28,TabelEP[Project ID],A28) -> 0 | F28: =SUMIFS(TabelE1[In-kind contribution],TabelEP[Name Participant],B28,TabelEP[Project ID],A28)+SUMIFS(TabelE2[In-kind contribution],TabelEP[Name Participant],B28,TabelEP[Project ID],A28)+SUMIFS(TabelE3[In-kind contribution],TabelEP[Name Participant],B28,TabelEP[Project ID],A28)+SUMIFS(TabelE4[In-kind contribution],TabelEP[Name Participant],B28,TabelEP[Project ID],A28)+SUMIFS(TabelE5[In-kind contribution],TabelEP[Name Participant],B28,TabelEP[Project ID],A28)+SUMIFS(TabelE6[In-kind contribution],TabelEP[Name Participant],B28,TabelEP[Project ID],A28) -> 0 | G28: =SUMIFS(TabelE1[In-cash contribution],TabelEP[Name Participant],B28,TabelEP[Project ID],A28)+SUMIFS(TabelE2[In-cash contribution],TabelEP[Name Participant],B28,TabelEP[Project ID],A28)+SUMIFS(TabelE3[In-cash contribution],TabelEP[Name Participant],B28,TabelEP[Project ID],A28)+SUMIFS(TabelE4[In-cash contribution],TabelEP[Name Participant],B28,TabelEP[Project ID],A28)+SUMIFS(TabelE5[In-cash contribution],TabelEP[Name Participant],B28,TabelEP[Project ID],A28)+SUMIFS(TabelE6[In-cash contribution],TabelEP[Name Participant],B28,TabelEP[Project ID],A28) -> 0 | H28: =SUMIFS(TabelE1[[PPP Allowance ]],TabelEP[Name Participant],B28,TabelEP[Project ID],A28)+SUMIFS(TabelE2[PPP Allowance],TabelEP[Name Participant],B28,TabelEP[Project ID],A28)+SUMIFS(TabelE3[PPP Allowance],TabelEP[Name Participant],B28,TabelEP[Project ID],A28)+SUMIFS(TabelE4[PPP Allowance],TabelEP[Name Participant],B28,TabelEP[Project ID],A28)+SUMIFS(TabelE5[PPP Allowance],TabelEP[Name Participant],B28,TabelEP[Project ID],A28)+SUMIFS(TabelE6[PPP Allowance],TabelEP[Name Participant],B28,TabelEP[Project ID],A28) -> 0 | I28: =SUMIFS(TabelE1[Received cash],TabelEP[Name Participant],B28,TabelEP[Project ID],A28)+SUMIFS(TabelE2[Received cash],TabelEP[Name Participant],B28,TabelEP[Project ID],A28)+SUMIFS(TabelE3[Received cash],TabelEP[Name Participant],B28,TabelEP[Project ID],A28)+SUMIFS(TabelE4[Received cash],TabelEP[Name Participant],B28,TabelEP[Project ID],A28)+SUMIFS(TabelE5[Received cash],TabelEP[Name Participant],B28,TabelEP[Project ID],A28)+SUMIFS(TabelE6[Received cash],TabelEP[Name Participant],B28,TabelEP[Project ID],A28) -> 0 | J28: =SUMIFS(TabelE1[Received other funding],TabelEP[Name Participant],B28,TabelEP[Project ID],A28)+SUMIFS(TabelE2[Received other funding],TabelEP[Name Participant],B28,TabelEP[Project ID],A28)+SUMIFS(TabelE3[Received other funding],TabelEP[Name Participant],B28,TabelEP[Project ID],A28)+SUMIFS(TabelE4[Received other funding],TabelEP[Name Participant],B28,TabelEP[Project ID],A28)+SUMIFS(TabelE5[Received other funding],TabelEP[Name Participant],B28,TabelEP[Project ID],A28)+SUMIFS(TabelE6[Received other funding],TabelEP[Name Participant],B28,TabelEP[Project ID],A28) -> 0 | L28: =IF(TabelOEP[[#This Row],[Foreign?]] = "Yes", 0, IF(OR(TabelOEP[[#This Row],[Organization type]] = "SME - Micro", TabelOEP[[#This Row],[Organization type]] = "SME - Small", TabelOEP[[#This Row],[Organization type]] = "SME - Medium"),(TabelOE[[#This Row],[Costs]]*I38*0.5+TabelOE[[#This Row],[Costs]]*I39*0.5+TabelOE[[#This Row],[Costs]]*I40*0.25), IF(TabelOEP[[#This Row],[Organization type]] = "Large enterprise",0,IF(TabelOEP[[#This Row],[Organization type]]="Other",0,IF(TabelOEP[[#This Row],[Organization type]] = "Research organization",TabelOE[[#This Row],[Costs]]))))) -> FALSE
A29: =IFERROR(INDEX(TabelBP[Project ID], MATCH(TabelOEP[[#This Row],[Name Participant]],TabelBP[Name Participant],0)), " ") | B29: =IF(INDEX(TabelBP[Name Participant],8)<>0, INDEX(TabelBP[Name Participant],8)," ") | C29: =IFERROR(INDEX(TabelBP[Organization Type], MATCH(TabelOEP[[#This Row],[Name Participant]],TabelBP[Name Participant],0)), " ") | D29: =IFERROR(INDEX(TabelBP[Foreign?], MATCH(TabelOEP[[#This Row],[Name Participant]],TabelBP[Name Participant],0)), " ") | E29: =SUMIFS(TabelE1[Costs],TabelEP[Name Participant],B29,TabelEP[Project ID],A29)+SUMIFS(TabelE2[Costs],TabelEP[Name Participant],B29,TabelEP[Project ID],A29)+SUMIFS(TabelE3[Costs],TabelEP[Name Participant],B29,TabelEP[Project ID],A29)+SUMIFS(TabelE4[Costs],TabelEP[Name Participant],B29,TabelEP[Project ID],A29)+SUMIFS(TabelE5[Costs],TabelEP[Name Participant],B29,TabelEP[Project ID],A29)+SUMIFS(TabelE6[Costs],TabelEP[Name Participant],B29,TabelEP[Project ID],A29) -> 0 | F29: =SUMIFS(TabelE1[In-kind contribution],TabelEP[Name Participant],B29,TabelEP[Project ID],A29)+SUMIFS(TabelE2[In-kind contribution],TabelEP[Name Participant],B29,TabelEP[Project ID],A29)+SUMIFS(TabelE3[In-kind contribution],TabelEP[Name Participant],B29,TabelEP[Project ID],A29)+SUMIFS(TabelE4[In-kind contribution],TabelEP[Name Participant],B29,TabelEP[Project ID],A29)+SUMIFS(TabelE5[In-kind contribution],TabelEP[Name Participant],B29,TabelEP[Project ID],A29)+SUMIFS(TabelE6[In-kind contribution],TabelEP[Name Participant],B29,TabelEP[Project ID],A29) -> 0 | G29: =SUMIFS(TabelE1[In-cash contribution],TabelEP[Name Participant],B29,TabelEP[Project ID],A29)+SUMIFS(TabelE2[In-cash contribution],TabelEP[Name Participant],B29,TabelEP[Project ID],A29)+SUMIFS(TabelE3[In-cash contribution],TabelEP[Name Participant],B29,TabelEP[Project ID],A29)+SUMIFS(TabelE4[In-cash contribution],TabelEP[Name Participant],B29,TabelEP[Project ID],A29)+SUMIFS(TabelE5[In-cash contribution],TabelEP[Name Participant],B29,TabelEP[Project ID],A29)+SUMIFS(TabelE6[In-cash contribution],TabelEP[Name Participant],B29,TabelEP[Project ID],A29) -> 0 | H29: =SUMIFS(TabelE1[[PPP Allowance ]],TabelEP[Name Participant],B29,TabelEP[Project ID],A29)+SUMIFS(TabelE2[PPP Allowance],TabelEP[Name Participant],B29,TabelEP[Project ID],A29)+SUMIFS(TabelE3[PPP Allowance],TabelEP[Name Participant],B29,TabelEP[Project ID],A29)+SUMIFS(TabelE4[PPP Allowance],TabelEP[Name Participant],B29,TabelEP[Project ID],A29)+SUMIFS(TabelE5[PPP Allowance],TabelEP[Name Participant],B29,TabelEP[Project ID],A29)+SUMIFS(TabelE6[PPP Allowance],TabelEP[Name Participant],B29,TabelEP[Project ID],A29) -> 0 | I29: =SUMIFS(TabelE1[Received cash],TabelEP[Name Participant],B29,TabelEP[Project ID],A29)+SUMIFS(TabelE2[Received cash],TabelEP[Name Participant],B29,TabelEP[Project ID],A29)+SUMIFS(TabelE3[Received cash],TabelEP[Name Participant],B29,TabelEP[Project ID],A29)+SUMIFS(TabelE4[Received cash],TabelEP[Name Participant],B29,TabelEP[Project ID],A29)+SUMIFS(TabelE5[Received cash],TabelEP[Name Participant],B29,TabelEP[Project ID],A29)+SUMIFS(TabelE6[Received cash],TabelEP[Name Participant],B29,TabelEP[Project ID],A29) -> 0 | J29: =SUMIFS(TabelE1[Received other funding],TabelEP[Name Participant],B29,TabelEP[Project ID],A29)+SUMIFS(TabelE2[Received other funding],TabelEP[Name Participant],B29,TabelEP[Project ID],A29)+SUMIFS(TabelE3[Received other funding],TabelEP[Name Participant],B29,TabelEP[Project ID],A29)+SUMIFS(TabelE4[Received other funding],TabelEP[Name Participant],B29,TabelEP[Project ID],A29)+SUMIFS(TabelE5[Received other funding],TabelEP[Name Participant],B29,TabelEP[Project ID],A29)+SUMIFS(TabelE6[Received other funding],TabelEP[Name Participant],B29,TabelEP[Project ID],A29) -> 0 | L29: =IF(TabelOEP[[#This Row],[Foreign?]] = "Yes", 0, IF(OR(TabelOEP[[#This Row],[Organization type]] = "SME - Micro", TabelOEP[[#This Row],[Organization type]] = "SME - Small", TabelOEP[[#This Row],[Organization type]] = "SME - Medium"),(TabelOE[[#This Row],[Costs]]*I38*0.5+TabelOE[[#This Row],[Costs]]*I39*0.5+TabelOE[[#This Row],[Costs]]*I40*0.25), IF(TabelOEP[[#This Row],[Organization type]] = "Large enterprise",0,IF(TabelOEP[[#This Row],[Organization type]]="Other",0,IF(TabelOEP[[#This Row],[Organization type]] = "Research organization",TabelOE[[#This Row],[Costs]]))))) -> FALSE
A30: =IFERROR(INDEX(TabelBP[Project ID], MATCH(TabelOEP[[#This Row],[Name Participant]],TabelBP[Name Participant],0)), " ") | B30: =IF(INDEX(TabelBP[Name Participant],9)<>0, INDEX(TabelBP[Name Participant],9)," ") | C30: =IFERROR(INDEX(TabelBP[Organization Type], MATCH(TabelOEP[[#This Row],[Name Participant]],TabelBP[Name Participant],0)), " ") | D30: =IFERROR(INDEX(TabelBP[Foreign?], MATCH(TabelOEP[[#This Row],[Name Participant]],TabelBP[Name Participant],0)), " ") | E30: =SUMIFS(TabelE1[Costs],TabelEP[Name Participant],B30,TabelEP[Project ID],A30)+SUMIFS(TabelE2[Costs],TabelEP[Name Participant],B30,TabelEP[Project ID],A30)+SUMIFS(TabelE3[Costs],TabelEP[Name Participant],B30,TabelEP[Project ID],A30)+SUMIFS(TabelE4[Costs],TabelEP[Name Participant],B30,TabelEP[Project ID],A30)+SUMIFS(TabelE5[Costs],TabelEP[Name Participant],B30,TabelEP[Project ID],A30)+SUMIFS(TabelE6[Costs],TabelEP[Name Participant],B30,TabelEP[Project ID],A30) -> 0 | F30: =SUMIFS(TabelE1[In-kind contribution],TabelEP[Name Participant],B30,TabelEP[Project ID],A30)+SUMIFS(TabelE2[In-kind contribution],TabelEP[Name Participant],B30,TabelEP[Project ID],A30)+SUMIFS(TabelE3[In-kind contribution],TabelEP[Name Participant],B30,TabelEP[Project ID],A30)+SUMIFS(TabelE4[In-kind contribution],TabelEP[Name Participant],B30,TabelEP[Project ID],A30)+SUMIFS(TabelE5[In-kind contribution],TabelEP[Name Participant],B30,TabelEP[Project ID],A30)+SUMIFS(TabelE6[In-kind contribution],TabelEP[Name Participant],B30,TabelEP[Project ID],A30) -> 0 | G30: =SUMIFS(TabelE1[In-cash contribution],TabelEP[Name Participant],B30,TabelEP[Project ID],A30)+SUMIFS(TabelE2[In-cash contribution],TabelEP[Name Participant],B30,TabelEP[Project ID],A30)+SUMIFS(TabelE3[In-cash contribution],TabelEP[Name Participant],B30,TabelEP[Project ID],A30)+SUMIFS(TabelE4[In-cash contribution],TabelEP[Name Participant],B30,TabelEP[Project ID],A30)+SUMIFS(TabelE5[In-cash contribution],TabelEP[Name Participant],B30,TabelEP[Project ID],A30)+SUMIFS(TabelE6[In-cash contribution],TabelEP[Name Participant],B30,TabelEP[Project ID],A30) -> 0 | H30: =SUMIFS(TabelE1[[PPP Allowance ]],TabelEP[Name Participant],B30,TabelEP[Project ID],A30)+SUMIFS(TabelE2[PPP Allowance],TabelEP[Name Participant],B30,TabelEP[Project ID],A30)+SUMIFS(TabelE3[PPP Allowance],TabelEP[Name Participant],B30,TabelEP[Project ID],A30)+SUMIFS(TabelE4[PPP Allowance],TabelEP[Name Participant],B30,TabelEP[Project ID],A30)+SUMIFS(TabelE5[PPP Allowance],TabelEP[Name Participant],B30,TabelEP[Project ID],A30)+SUMIFS(TabelE6[PPP Allowance],TabelEP[Name Participant],B30,TabelEP[Project ID],A30) -> 0 | I30: =SUMIFS(TabelE1[Received cash],TabelEP[Name Participant],B30,TabelEP[Project ID],A30)+SUMIFS(TabelE2[Received cash],TabelEP[Name Participant],B30,TabelEP[Project ID],A30)+SUMIFS(TabelE3[Received cash],TabelEP[Name Participant],B30,TabelEP[Project ID],A30)+SUMIFS(TabelE4[Received cash],TabelEP[Name Participant],B30,TabelEP[Project ID],A30)+SUMIFS(TabelE5[Received cash],TabelEP[Name Participant],B30,TabelEP[Project ID],A30)+SUMIFS(TabelE6[Received cash],TabelEP[Name Participant],B30,TabelEP[Project ID],A30) -> 0 | J30: =SUMIFS(TabelE1[Received other funding],TabelEP[Name Participant],B30,TabelEP[Project ID],A30)+SUMIFS(TabelE2[Received other funding],TabelEP[Name Participant],B30,TabelEP[Project ID],A30)+SUMIFS(TabelE3[Received other funding],TabelEP[Name Participant],B30,TabelEP[Project ID],A30)+SUMIFS(TabelE4[Received other funding],TabelEP[Name Participant],B30,TabelEP[Project ID],A30)+SUMIFS(TabelE5[Received other funding],TabelEP[Name Participant],B30,TabelEP[Project ID],A30)+SUMIFS(TabelE6[Received other funding],TabelEP[Name Participant],B30,TabelEP[Project ID],A30) -> 0 | L30: =IF(TabelOEP[[#This Row],[Foreign?]] = "Yes", 0, IF(OR(TabelOEP[[#This Row],[Organization type]] = "SME - Micro", TabelOEP[[#This Row],[Organization type]] = "SME - Small", TabelOEP[[#This Row],[Organization type]] = "SME - Medium"),(TabelOE[[#This Row],[Costs]]*I38*0.5+TabelOE[[#This Row],[Costs]]*I39*0.5+TabelOE[[#This Row],[Costs]]*I40*0.25), IF(TabelOEP[[#This Row],[Organization type]] = "Large enterprise",0,IF(TabelOEP[[#This Row],[Organization type]]="Other",0,IF(TabelOEP[[#This Row],[Organization type]] = "Research organization",TabelOE[[#This Row],[Costs]]))))) -> FALSE
A31: =IFERROR(INDEX(TabelBP[Project ID], MATCH(TabelOEP[[#This Row],[Name Participant]],TabelBP[Name Participant],0)), " ") | B31: =IF(INDEX(TabelBP[Name Participant],10)<>0, INDEX(TabelBP[Name Participant],10)," ") | C31: =IFERROR(INDEX(TabelBP[Organization Type], MATCH(TabelOEP[[#This Row],[Name Participant]],TabelBP[Name Participant],0)), " ") | D31: =IFERROR(INDEX(TabelBP[Foreign?], MATCH(TabelOEP[[#This Row],[Name Participant]],TabelBP[Name Participant],0)), " ") | E31: =SUMIFS(TabelE1[Costs],TabelEP[Name Participant],B31,TabelEP[Project ID],A31)+SUMIFS(TabelE2[Costs],TabelEP[Name Participant],B31,TabelEP[Project ID],A31)+SUMIFS(TabelE3[Costs],TabelEP[Name Participant],B31,TabelEP[Project ID],A31)+SUMIFS(TabelE4[Costs],TabelEP[Name Participant],B31,TabelEP[Project ID],A31)+SUMIFS(TabelE5[Costs],TabelEP[Name Participant],B31,TabelEP[Project ID],A31)+SUMIFS(TabelE6[Costs],TabelEP[Name Participant],B31,TabelEP[Project ID],A31) -> 0 | F31: =SUMIFS(TabelE1[In-kind contribution],TabelEP[Name Participant],B31,TabelEP[Project ID],A31)+SUMIFS(TabelE2[In-kind contribution],TabelEP[Name Participant],B31,TabelEP[Project ID],A31)+SUMIFS(TabelE3[In-kind contribution],TabelEP[Name Participant],B31,TabelEP[Project ID],A31)+SUMIFS(TabelE4[In-kind contribution],TabelEP[Name Participant],B31,TabelEP[Project ID],A31)+SUMIFS(TabelE5[In-kind contribution],TabelEP[Name Participant],B31,TabelEP[Project ID],A31)+SUMIFS(TabelE6[In-kind contribution],TabelEP[Name Participant],B31,TabelEP[Project ID],A31) -> 0 | G31: =SUMIFS(TabelE1[In-cash contribution],TabelEP[Name Participant],B31,TabelEP[Project ID],A31)+SUMIFS(TabelE2[In-cash contribution],TabelEP[Name Participant],B31,TabelEP[Project ID],A31)+SUMIFS(TabelE3[In-cash contribution],TabelEP[Name Participant],B31,TabelEP[Project ID],A31)+SUMIFS(TabelE4[In-cash contribution],TabelEP[Name Participant],B31,TabelEP[Project ID],A31)+SUMIFS(TabelE5[In-cash contribution],TabelEP[Name Participant],B31,TabelEP[Project ID],A31)+SUMIFS(TabelE6[In-cash contribution],TabelEP[Name Participant],B31,TabelEP[Project ID],A31) -> 0 | H31: =SUMIFS(TabelE1[[PPP Allowance ]],TabelEP[Name Participant],B31,TabelEP[Project ID],A31)+SUMIFS(TabelE2[PPP Allowance],TabelEP[Name Participant],B31,TabelEP[Project ID],A31)+SUMIFS(TabelE3[PPP Allowance],TabelEP[Name Participant],B31,TabelEP[Project ID],A31)+SUMIFS(TabelE4[PPP Allowance],TabelEP[Name Participant],B31,TabelEP[Project ID],A31)+SUMIFS(TabelE5[PPP Allowance],TabelEP[Name Participant],B31,TabelEP[Project ID],A31)+SUMIFS(TabelE6[PPP Allowance],TabelEP[Name Participant],B31,TabelEP[Project ID],A31) -> 0 | I31: =SUMIFS(TabelE1[Received cash],TabelEP[Name Participant],B31,TabelEP[Project ID],A31)+SUMIFS(TabelE2[Received cash],TabelEP[Name Participant],B31,TabelEP[Project ID],A31)+SUMIFS(TabelE3[Received cash],TabelEP[Name Participant],B31,TabelEP[Project ID],A31)+SUMIFS(TabelE4[Received cash],TabelEP[Name Participant],B31,TabelEP[Project ID],A31)+SUMIFS(TabelE5[Received cash],TabelEP[Name Participant],B31,TabelEP[Project ID],A31)+SUMIFS(TabelE6[Received cash],TabelEP[Name Participant],B31,TabelEP[Project ID],A31) -> 0 | J31: =SUMIFS(TabelE1[Received other funding],TabelEP[Name Participant],B31,TabelEP[Project ID],A31)+SUMIFS(TabelE2[Received other funding],TabelEP[Name Participant],B31,TabelEP[Project ID],A31)+SUMIFS(TabelE3[Received other funding],TabelEP[Name Participant],B31,TabelEP[Project ID],A31)+SUMIFS(TabelE4[Received other funding],TabelEP[Name Participant],B31,TabelEP[Project ID],A31)+SUMIFS(TabelE5[Received other funding],TabelEP[Name Participant],B31,TabelEP[Project ID],A31)+SUMIFS(TabelE6[Received other funding],TabelEP[Name Participant],B31,TabelEP[Project ID],A31) -> 0 | L31: =IF(TabelOEP[[#This Row],[Foreign?]] = "Yes", 0, IF(OR(TabelOEP[[#This Row],[Organization type]] = "SME - Micro", TabelOEP[[#This Row],[Organization type]] = "SME - Small", TabelOEP[[#This Row],[Organization type]] = "SME - Medium"),(TabelOE[[#This Row],[Costs]]*I38*0.5+TabelOE[[#This Row],[Costs]]*I39*0.5+TabelOE[[#This Row],[Costs]]*I40*0.25), IF(TabelOEP[[#This Row],[Organization type]] = "Large enterprise",0,IF(TabelOEP[[#This Row],[Organization type]]="Other",0,IF(TabelOEP[[#This Row],[Organization type]] = "Research organization",TabelOE[[#This Row],[Costs]]))))) -> FALSE
A32: =IFERROR(INDEX(TabelBP[Project ID], MATCH(TabelOEP[[#This Row],[Name Participant]],TabelBP[Name Participant],0)), " ") | B32: =IF(INDEX(TabelBP[Name Participant],11)<>0, INDEX(TabelBP[Name Participant],11)," ") | C32: =IFERROR(INDEX(TabelBP[Organization Type], MATCH(TabelOEP[[#This Row],[Name Participant]],TabelBP[Name Participant],0)), " ") | D32: =IFERROR(INDEX(TabelBP[Foreign?], MATCH(TabelOEP[[#This Row],[Name Participant]],TabelBP[Name Participant],0)), " ") | E32: =SUMIFS(TabelE1[Costs],TabelEP[Name Participant],B32,TabelEP[Project ID],A32)+SUMIFS(TabelE2[Costs],TabelEP[Name Participant],B32,TabelEP[Project ID],A32)+SUMIFS(TabelE3[Costs],TabelEP[Name Participant],B32,TabelEP[Project ID],A32)+SUMIFS(TabelE4[Costs],TabelEP[Name Participant],B32,TabelEP[Project ID],A32)+SUMIFS(TabelE5[Costs],TabelEP[Name Participant],B32,TabelEP[Project ID],A32)+SUMIFS(TabelE6[Costs],TabelEP[Name Participant],B32,TabelEP[Project ID],A32) -> 0 | F32: =SUMIFS(TabelE1[In-kind contribution],TabelEP[Name Participant],B32,TabelEP[Project ID],A32)+SUMIFS(TabelE2[In-kind contribution],TabelEP[Name Participant],B32,TabelEP[Project ID],A32)+SUMIFS(TabelE3[In-kind contribution],TabelEP[Name Participant],B32,TabelEP[Project ID],A32)+SUMIFS(TabelE4[In-kind contribution],TabelEP[Name Participant],B32,TabelEP[Project ID],A32)+SUMIFS(TabelE5[In-kind contribution],TabelEP[Name Participant],B32,TabelEP[Project ID],A32)+SUMIFS(TabelE6[In-kind contribution],TabelEP[Name Participant],B32,TabelEP[Project ID],A32) -> 0 | G32: =SUMIFS(TabelE1[In-cash contribution],TabelEP[Name Participant],B32,TabelEP[Project ID],A32)+SUMIFS(TabelE2[In-cash contribution],TabelEP[Name Participant],B32,TabelEP[Project ID],A32)+SUMIFS(TabelE3[In-cash contribution],TabelEP[Name Participant],B32,TabelEP[Project ID],A32)+SUMIFS(TabelE4[In-cash contribution],TabelEP[Name Participant],B32,TabelEP[Project ID],A32)+SUMIFS(TabelE5[In-cash contribution],TabelEP[Name Participant],B32,TabelEP[Project ID],A32)+SUMIFS(TabelE6[In-cash contribution],TabelEP[Name Participant],B32,TabelEP[Project ID],A32) -> 0 | H32: =SUMIFS(TabelE1[[PPP Allowance ]],TabelEP[Name Participant],B32,TabelEP[Project ID],A32)+SUMIFS(TabelE2[PPP Allowance],TabelEP[Name Participant],B32,TabelEP[Project ID],A32)+SUMIFS(TabelE3[PPP Allowance],TabelEP[Name Participant],B32,TabelEP[Project ID],A32)+SUMIFS(TabelE4[PPP Allowance],TabelEP[Name Participant],B32,TabelEP[Project ID],A32)+SUMIFS(TabelE5[PPP Allowance],TabelEP[Name Participant],B32,TabelEP[Project ID],A32)+SUMIFS(TabelE6[PPP Allowance],TabelEP[Name Participant],B32,TabelEP[Project ID],A32) -> 0 | I32: =SUMIFS(TabelE1[Received cash],TabelEP[Name Participant],B32,TabelEP[Project ID],A32)+SUMIFS(TabelE2[Received cash],TabelEP[Name Participant],B32,TabelEP[Project ID],A32)+SUMIFS(TabelE3[Received cash],TabelEP[Name Participant],B32,TabelEP[Project ID],A32)+SUMIFS(TabelE4[Received cash],TabelEP[Name Participant],B32,TabelEP[Project ID],A32)+SUMIFS(TabelE5[Received cash],TabelEP[Name Participant],B32,TabelEP[Project ID],A32)+SUMIFS(TabelE6[Received cash],TabelEP[Name Participant],B32,TabelEP[Project ID],A32) -> 0 | J32: =SUMIFS(TabelE1[Received other funding],TabelEP[Name Participant],B32,TabelEP[Project ID],A32)+SUMIFS(TabelE2[Received other funding],TabelEP[Name Participant],B32,TabelEP[Project ID],A32)+SUMIFS(TabelE3[Received other funding],TabelEP[Name Participant],B32,TabelEP[Project ID],A32)+SUMIFS(TabelE4[Received other funding],TabelEP[Name Participant],B32,TabelEP[Project ID],A32)+SUMIFS(TabelE5[Received other funding],TabelEP[Name Participant],B32,TabelEP[Project ID],A32)+SUMIFS(TabelE6[Received other funding],TabelEP[Name Participant],B32,TabelEP[Project ID],A32) -> 0 | L32: =IF(TabelOEP[[#This Row],[Foreign?]] = "Yes", 0, IF(OR(TabelOEP[[#This Row],[Organization type]] = "SME - Micro", TabelOEP[[#This Row],[Organization type]] = "SME - Small", TabelOEP[[#This Row],[Organization type]] = "SME - Medium"),(TabelOE[[#This Row],[Costs]]*I38*0.5+TabelOE[[#This Row],[Costs]]*I39*0.5+TabelOE[[#This Row],[Costs]]*I40*0.25), IF(TabelOEP[[#This Row],[Organization type]] = "Large enterprise",0,IF(TabelOEP[[#This Row],[Organization type]]="Other",0,IF(TabelOEP[[#This Row],[Organization type]] = "Research organization",TabelOE[[#This Row],[Costs]]))))) -> FALSE
D33: Total | E33: =SUM(E22:E32) -> 0 | F33: =SUM(F22:F32) -> 0 | G33: =SUM(G22:G32) -> 0 | H33: =SUM(H22:H32) -> 0 | I33: =SUM(I22:I32) -> 0 | J33: =SUM(J22:J32) -> 0
A34: TYPE OF RESEARCH
E37: Please indicate the total realised costs per research category at the end of your project (see Appendix B of the final report). If the total cell is red, the costs do not equal the total realised costs in the table above. | G37: Type of Research | H37: Total costs (€) | I37: Percentage of total costs
G38: Fundamental research | I38: =IFERROR(H38/H41, " ")
G39: Industrial research | I39: =IFERROR(H39/H41, " ")
G40: Experimental development | I40: =IFERROR(H40/H41, " ")
G41: Total | H41: =SUM(H37:H40) -> 0
A42: OUTPUT OVERVIEW
D45: Here a total overview of the output is provided. At the end of the project, the expected scientific publications should be filled in. | F45: Type of Output | H45: Total
F46: Published scientific publications | H46: =SUM('Output per year'!B3,'Output per year'!R3,'Output per year'!AH3,'Output per year'!AX3,'Output per year'!BN3,'Output per year'!CD3) -> 0
F47: Expected scientific publications
F48: Conference publications / presentations | H48: =SUM('Output per year'!C3,'Output per year'!S3,'Output per year'!AI3,'Output per year'!AY3,'Output per year'!BO3,'Output per year'!CE3) -> 0
F49: Theses | H49: =SUM('Output per year'!D3,'Output per year'!T3,'Output per year'!AJ3,'Output per year'!AZ3,'Output per year'!BP3,'Output per year'!CF3) -> 0
F50: Patent applications | H50: =SUM('Output per year'!E3,'Output per year'!U3,'Output per year'!AK3,'Output per year'!BA3,'Output per year'!BQ3,'Output per year'!CG3) -> 0
F51: Licenses | H51: =SUM('Output per year'!F3,'Output per year'!V3,'Output per year'!AL3,'Output per year'!BB3,'Output per year'!BR3,'Output per year'!CH3) -> 0
F52: Spin-offs | H52: =SUM('Output per year'!G3,'Output per year'!W3,'Output per year'!AM3,'Output per year'!BC3,'Output per year'!BS3,'Output per year'!CI3) -> 0
F53: # New collaboration projects with current consortium | H53: =SUM('Output per year'!H3,'Output per year'!X3,'Output per year'!AN3,'Output per year'!BD3,'Output per year'!BT3,'Output per year'!CJ3) -> 0
F54: Value new collaboration projects with current consortium | H54: =SUM('Output per year'!I3,'Output per year'!Y3,'Output per year'!AO3,'Output per year'!BE3,'Output per year'!BU3,'Output per year'!CK3) -> 0
F55: # New collaboration projects with other public partners | H55: =SUM('Output per year'!J3,'Output per year'!Z3,'Output per year'!AP3,'Output per year'!BF3,'Output per year'!BV3,'Output per year'!CL3) -> 0
F56: Value new collaboration projects with other public partners | H56: =SUM('Output per year'!K3,'Output per year'!AA3,'Output per year'!AQ3,'Output per year'!BG3,'Output per year'!BW3,'Output per year'!CM3) -> 0
F57: # New collaboration projects with other industrial partners | H57: =SUM('Output per year'!L3,'Output per year'!AB3,'Output per year'!AR3,'Output per year'!BH3,'Output per year'!BX3,'Output per year'!CN3) -> 0
F58: Value new collaboration projects with other industrial partners | H58: =SUM('Output per year'!M3,'Output per year'!AC3,'Output per year'!AS3,'Output per year'!BI3,'Output per year'!BY3,'Output per year'!CO3) -> 0
F59: Non-scientific publications | H59: =SUM('Output per year'!N3,'Output per year'!AD3,'Output per year'!AT3,'Output per year'!BJ3,'Output per year'!BZ3,'Output per year'!CP3) -> 0
F60: Non-scientific presentations | H60: =SUM('Output per year'!O3,'Output per year'!AE3,'Output per year'!AU3,'Output per year'!BK3,'Output per year'!CA3,'Output per year'!CQ3) -> 0
F61: # New (external) private funding and investments for consortium members | H61: =SUM('Output per year'!P3,'Output per year'!AF3,'Output per year'!AV3,'Output per year'!BL3,'Output per year'!CB3,'Output per year'!CR3) -> 0
F62: Value new (external) private funding and investments for consortium members | H62: =SUM('Output per year'!Q3,'Output per year'!AG3,'Output per year'!AW3,'Output per year'!BM3,'Output per year'!CC3,'Output per year'!CS3) -> 0

Sheet Participant Information
A1: ORIGINAL BUDGET
A3: Participant Information | E3: Calendar Year 1 [year] | K3: Calendar Year 2 [year] | Q3: Calendar Year 3 [year] | W3: Calendar Year 4 [year] | AC3: Calendar Year 5 [year] | AI3: Calendar Year 6 [year]
A4: Project ID | B4: Name Participant | C4: Organization Type | D4: Foreign? | E4: Costs | F4: In-kind contribution | G4: In-cash contribution | H4: PPP Allowance | I4: Received cash | J4: Received other funding | K4: Costs | L4: In-kind contribution | M4: In-cash contribution | N4: PPP allowance | O4: Received cash | P4: Received other funding | Q4: Costs | R4: In-kind contribution | S4: In-cash contribution | T4: PPP Allowance | U4: Received cash | V4: Received other funding | W4: Costs | X4: In-kind contribution | Y4: In-cash contribution | Z4: PPP Allowance | AA4: Received cash | AB4: Received other funding | AC4: Costs | AD4: In-kind contribution | AE4: In-cash contribution | AF4: PPP Allowance | AG4: Received cash | AH4: Received other funding | AI4: Costs | AJ4: In-kind contribution | AK4: In-cash contribution | AL4: PPP Allowance | AM4: Received cash | AN4: Received other funding
A18: Realised Expenditure
A20: Participant Information | E20: Calendar Year 1 [year] | K20: Calendar Year 2 [year] | Q20: Calendar Year 3 [year] | W20: Calendar Year 4 [year] | AC20: Calendar Year 5 [year] | AI20: Calendar Year 6 [year]
A21: Project ID | B21: Name Participant | C21: Organization type | D21: Foreign? | E21: Costs | F21: In-kind contribution | G21: In-cash contribution | H21: PPP Allowance | I21: Received cash | J21: Received other funding | K21: Costs | L21: In-kind contribution | M21: In-cash contribution | N21: PPP Allowance | O21: Received cash | P21: Received other funding | Q21: Costs | R21: In-kind contribution | S21: In-cash contribution | T21: PPP Allowance | U21: Received cash | V21: Received other funding | W21: Costs | X21: In-kind contribution | Y21: In-cash contribution | Z21: PPP Allowance | AA21: Received cash | AB21: Received other funding | AC21: Costs | AD21: In-kind contribution | AE21: In-cash contribution | AF21: PPP Allowance | AG21: Received cash | AH21: Received other funding | AI21: Costs | AJ21: In-kind contribution | AK21: In-cash contribution | AL21: PPP Allowance | AM21: Received cash | AN21: Received other funding
A22: =IFERROR(INDEX(TabelBP[Project ID], MATCH(TabelEP[[#This Row],[Name Participant]],TabelBP[Name Participant],0)), " ") | B22: =IF(INDEX(TabelBP[Name Participant],1)<>0, INDEX(TabelBP[Name Participant],1)," ") | C22: =IFERROR(INDEX(TabelBP[Organization Type], MATCH(TabelEP[[#This Row],[Name Participant]],TabelBP[Name Participant],0)), " ") | D22: =IFERROR(INDEX(TabelBP[Foreign?], MATCH(TabelEP[[#This Row],[Name Participant]],TabelBP[Name Participant],0)), " ")
A23: =IFERROR(INDEX(TabelBP[Project ID], MATCH(TabelEP[[#This Row],[Name Participant]],TabelBP[Name Participant],0)), " ") | B23: =IF(INDEX(TabelBP[Name Participant],2)<>0, INDEX(TabelBP[Name Participant],2)," ") | C23: =IFERROR(INDEX(TabelBP[Organization Type], MATCH(TabelEP[[#This Row],[Name Participant]],TabelBP[Name Participant],0)), " ") | D23: =IFERROR(INDEX(TabelBP[Foreign?], MATCH(TabelEP[[#This Row],[Name Participant]],TabelBP[Name Participant],0)), " ")
A24: =IFERROR(INDEX(TabelBP[Project ID], MATCH(TabelEP[[#This Row],[Name Participant]],TabelBP[Name Participant],0)), " ") | B24: =IF(INDEX(TabelBP[Name Participant],3)<>0, INDEX(TabelBP[Name Participant],3)," ") | C24: =IFERROR(INDEX(TabelBP[Organization Type], MATCH(TabelEP[[#This Row],[Name Participant]],TabelBP[Name Participant],0)), " ") | D24: =IFERROR(INDEX(TabelBP[Foreign?], MATCH(TabelEP[[#This Row],[Name Participant]],TabelBP[Name Participant],0)), " ")
A25: =IFERROR(INDEX(TabelBP[Project ID], MATCH(TabelEP[[#This Row],[Name Participant]],TabelBP[Name Participant],0)), " ") | B25: =IF(INDEX(TabelBP[Name Participant],4)<>0, INDEX(TabelBP[Name Participant],4)," ") | C25: =IFERROR(INDEX(TabelBP[Organization Type], MATCH(TabelEP[[#This Row],[Name Participant]],TabelBP[Name Participant],0)), " ") | D25: =IFERROR(INDEX(TabelBP[Foreign?], MATCH(TabelEP[[#This Row],[Name Participant]],TabelBP[Name Participant],0)), " ")
A26: =IFERROR(INDEX(TabelBP[Project ID], MATCH(TabelEP[[#This Row],[Name Participant]],TabelBP[Name Participant],0)), " ") | B26: =IF(INDEX(TabelBP[Name Participant],5)<>0, INDEX(TabelBP[Name Participant],5)," ") | C26: =IFERROR(INDEX(TabelBP[Organization Type], MATCH(TabelEP[[#This Row],[Name Participant]],TabelBP[Name Participant],0)), " ") | D26: =IFERROR(INDEX(TabelBP[Foreign?], MATCH(TabelEP[[#This Row],[Name Participant]],TabelBP[Name Participant],0)), " ")
A27: =IFERROR(INDEX(TabelBP[Project ID], MATCH(TabelEP[[#This Row],[Name Participant]],TabelBP[Name Participant],0)), " ") | B27: =IF(INDEX(TabelBP[Name Participant],6)<>0, INDEX(TabelBP[Name Participant],6)," ") | C27: =IFERROR(INDEX(TabelBP[Organization Type], MATCH(TabelEP[[#This Row],[Name Participant]],TabelBP[Name Participant],0)), " ") | D27: =IFERROR(INDEX(TabelBP[Foreign?], MATCH(TabelEP[[#This Row],[Name Participant]],TabelBP[Name Participant],0)), " ")
A28: =IFERROR(INDEX(TabelBP[Project ID], MATCH(TabelEP[[#This Row],[Name Participant]],TabelBP[Name Participant],0)), " ") | B28: =IF(INDEX(TabelBP[Name Participant],7)<>0, INDEX(TabelBP[Name Participant],7)," ") | C28: =IFERROR(INDEX(TabelBP[Organization Type], MATCH(TabelEP[[#This Row],[Name Participant]],TabelBP[Name Participant],0)), " ") | D28: =IFERROR(INDEX(TabelBP[Foreign?], MATCH(TabelEP[[#This Row],[Name Participant]],TabelBP[Name Participant],0)), " ")
A29: =IFERROR(INDEX(TabelBP[Project ID], MATCH(TabelEP[[#This Row],[Name Participant]],TabelBP[Name Participant],0)), " ") | B29: =IF(INDEX(TabelBP[Name Participant],8)<>0, INDEX(TabelBP[Name Participant],8)," ") | C29: =IFERROR(INDEX(TabelBP[Organization Type], MATCH(TabelEP[[#This Row],[Name Participant]],TabelBP[Name Participant],0)), " ") | D29: =IFERROR(INDEX(TabelBP[Foreign?], MATCH(TabelEP[[#This Row],[Name Participant]],TabelBP[Name Participant],0)), " ")
A30: =IFERROR(INDEX(TabelBP[Project ID], MATCH(TabelEP[[#This Row],[Name Participant]],TabelBP[Name Participant],0)), " ") | B30: =IF(INDEX(TabelBP[Name Participant],9)<>0, INDEX(TabelBP[Name Participant],9)," ") | C30: =IFERROR(INDEX(TabelBP[Organization Type], MATCH(TabelEP[[#This Row],[Name Participant]],TabelBP[Name Participant],0)), " ") | D30: =IFERROR(INDEX(TabelBP[Foreign?], MATCH(TabelEP[[#This Row],[Name Participant]],TabelBP[Name Participant],0)), " ")
A31: =IFERROR(INDEX(TabelBP[Project ID], MATCH(TabelEP[[#This Row],[Name Participant]],TabelBP[Name Participant],0)), " ") | B31: =IF(INDEX(TabelBP[Name Participant],10)<>0, INDEX(TabelBP[Name Participant],10)," ") | C31: =IFERROR(INDEX(TabelBP[Organization Type], MATCH(TabelEP[[#This Row],[Name Participant]],TabelBP[Name Participant],0)), " ") | D31: =IFERROR(INDEX(TabelBP[Foreign?], MATCH(TabelEP[[#This Row],[Name Participant]],TabelBP[Name Participant],0)), " ")
A32: =IFERROR(INDEX(TabelBP[Project ID], MATCH(TabelEP[[#This Row],[Name Participant]],TabelBP[Name Participant],0)), " ") | B32: =IF(INDEX(TabelBP[Name Participant],11)<>0, INDEX(TabelBP[Name Participant],11)," ") | C32: =IFERROR(INDEX(TabelBP[Organization Type], MATCH(TabelEP[[#This Row],[Name Participant]],TabelBP[Name Participant],0)), " ") | D32: =IFERROR(INDEX(TabelBP[Foreign?], MATCH(TabelEP[[#This Row],[Name Participant]],TabelBP[Name Participant],0)), " ")

Sheet Output per year
D1: Calendar Year 1 [year] | T1: Calendar Year 2 [year] | AJ1: Calendar Year 3 [year] | AZ1: Calendar Year 4 [year] | BP1: Calendar Year 5 [year] | CF1: Calendar Year 6 [year]
A2: Project ID | B2: Published scientific publications this year | C2: Conference publications /presentations | D2: Theses | E2: Patent applications | F2: Licenses | G2: Spin-offs | H2: # New collaboration projects with current consortium | I2: Value new collaboration projects with current consortium | J2: # New collaboration project with other public partners | K2: Value new collaboration projects with other public partners | L2: # New collaboration projects with other industrial partners | M2: Value new collaboration projects with other industrial partners | N2: Non-scientific publications | O2: Non-scientific presentations | P2: # New (external) private funding and investments for consortium members | Q2: Value new (external) private funding and investments for consortium members | R2: Published scientific publications this year | S2: Conference publications / presensations | T2: Theses | U2: Patent applications | V2: Licenses | W2: Spin-offs | X2: # New collaboration projects with current consortium | Y2: Value new collaboration projects with current consortium | Z2: # New collaboration project with public partners | AA2: Value new collaboration projects with public partners | AB2: # New collaboration projects with industrial partners | AC2: Value new collaboration projects with industrial partners | AD2: Non-scientific publications | AE2: Non-scientific presentations | AF2: # New (external) private funding and investments for consortium members | AG2: Value new (external) private funding and investments for consortium members | AH2: Published scientific publications this year | AI2: Conference publications / presentations | AJ2: Theses | AK2: Patent applications | AL2: Licenses | AM2: Spin-offs | AN2: # New collaboration projects with current consortium | AO2: Value new collaboration projects with current consortium | AP2: # New collaboration projects with public partners | AQ2: Value new collaboration projects with public partners | AR2: # New collaboration projects with industrial partners | AS2: Value new collaboration projects with industrial partners | AT2: Non-scientific publications | AU2: Non-scientific presentations | AV2: # New (external) private funding and investments for consortium members | AW2: Value new (external) private funding and investments for consortium members | AX2: Published scientific publications this year | AY2: Conference publications / presentations | AZ2: Theses | BA2: Patent applications | BB2: Licenses | BC2: Spin-offs | BD2: # New collaboration projects with current consortium | BE2: Value new collaboration projects with current consortium | BF2: # New collaboration projects with public partners | BG2: Value new collaboration projects with public partners | BH2: # New collaboration projects with industrial partners | BI2: Value new collaboration projects with industrial partners | BJ2: Non-scientific publications | BK2: Non-scientific presentations | BL2: # New (external) private funding and investments for consortium members | BM2: Value new (external) private funding and investments for consortium members | BN2: Published scientific publications this year | BO2: Conference publications / presensations | BP2: Theses | BQ2: Patent applications | BR2: Licenses | BS2: Spin-offs | BT2: # New collaboration projects with current consortium | BU2: Value new collaboration projects with current consortium | BV2: # New collaboration projects with public partners | BW2: Value new collaboration projects with public partners | BX2: # New collaboration projects with industrial partners | BY2: Value new collaboration projects with industrial partners | BZ2: Non-scientific publications | CA2: Non-scientific presentations | CB2: # New (external) private funding and investments for consortium members | CC2: Value new (external) private funding and investments for consortium members | CD2: Published scientific publications this year | CE2: Conference publications / presentations | CF2: Theses | CG2: Patent applications | CH2: Licenses | CI2: Spin-offs | CJ2: # New collaboration projects with current consortium | CK2: Value new collaboration projects with current consortium | CL2: # New collaboration projects with public partners | CM2: Value new collaboration projects with public partners | CN2: # New collaboration projects with industrial partners | CO2: Value new collaboration projects with industrial partners | CP2: Non-scientific publications | CQ2: Non-scientific presentations | CR2: # New (external) private funding and investments for consortium members | CS2: Value new (external) private funding and investments for consortium members

Sheet Output DOI's
A1: The total number of scientific publications according to your input: | C1: ='Project overview'!H46 -> 0
A2: The total number of patents according to your input: | C2: ='Project overview'!H50 -> 0
A3: The total number of lines to be used: | C3: =MAX(C1:C2) -> 0
A7: Project ID | B7: DOI of Publications | C7: DOI of Patents

Sheet Instructions
A1: Instructions
A3: Tab Project Overview
B4: Most information on this tab will be filled in automatically. Only the cells marked in yellow need to be filled in as part of the final report. Please do not change any other financial information or formulas on this tab.
A6: Tab Participation Information
A7: Step 1: | B7: Fill in the Participant Information in the black box in cells A5-D5 and below. Use one line for each consortium partner. Provide the information as stated in the original budget form. This information will be copied to all participant information tables in the Excel. Please use the following instructions:
B8: a. Project ID number is the LSHM number or other project number. This ID is the same for each participant.
B9: b. Please use the drop-down menu (select the cell and click on the arrow on the right side of the cell) to choose the correct type of organization (column C) for each participant and to indicate whether each participant is a foreign organization or not (column D).
A11: Step 2: | B11: Fill in the original budget for each calendar year according to the project's budget form. This budget should be filled in for all budgeted calendar years. Please use the following instructions:
B12: a. Fill in the costs per partner for each calendar year in which the project runs (for calendar year 1 this is cell E5 and below, for calendar year 2 this is cell K5, etc.).
B13: b. The in-kind contribution per partner for each calendar year should be copied from the budget form (calendar year 1: cell F5)
B14: c. The in-cash contribution per partner for each calendar year should be copied from the budget form (calendar year 1: cell G5).
B15: d. Fill in the PPP Allowance per partner for each calendar year. The total budgeted PPP Allowance for a calendar year can be found in the budget form. (calendar year 1: cell H5)
B16: e. Fill in the received cash per partner for each calendar year. The total received cash column should equal the in-cash contribution column. (calendar year 1: cell I5)
B17: f. Fill in the received other funding per partner. E.g. other subsidies or cash from sponsor parties. (calendar year 1: cell J5)
B19: Each progress report should include a (financial) overview of the calendar years covered by the requested progress report. This financial overview Excel will be attached to each year's progress report request, every year the realised expenditure of the reporting year should be added. If the progress report is requested mid-year, the data can be provided up to that point in time. In the next progress report, the data for that calendar year can be completed.
A21: Step 3: | B21: Fill in the realized expenditure for each calendar year. Enter all the calendar years the project has completed, including part of the calendar year the project is currently in.
B22: a. Fill in the costs per partner for the reporting calendar years (calendar year 1: cell E22)
B23: b. Fill in the in-kind contribution per partner for the reporting calendar years (calendar year 1: cell F22).
B24: c. Fill in the in-cash contribution per partner for the reporting calendar years (calendar year 1: cell G22).
B25: d. Fill in the PPP Allowance per partner for the reporting calendar years. Please fill in the total amount of PPP Allowance budgeted for that calendar year, including the 20% that will be disbursed at the end of the project (calendar year 1: cell H22).
B26: e. Fill in the received cash per partner for each calendar year. The total received cash column should equal the in-cash contribution column(calendar year 1: cell I22).
B27: f. Fill in the received other funding per partner. E.g. other subsidies or cash from sponsor parties (calendar year 1: cell J22).
B29: Please note:
B30: The costs must be equal to the funding and contributions. The following formula should apply to each participant
B31: o Costs = in-kind contribution + received PPP Allowance + received cash contributions + received other funding. If the in-kind contribution is red, please check if this formula applies.
B32: o In-cash contributions are not part of the costs of a participant.
A34: Tab Project Overview (Only to be filled in as part of the final report at the end of the project)
A35: Step 1: | B35: Check for each consortium partner whether the costs and contributions correspond to the audit reports and/or board of director's statements.
A37: Step 2: | B37: Please provide the total realised costs per research category in the yellow cells (H38-40).
A39: Step 3: | B39: Please fill in the amount of expected scientific publications in the output overview in the yellow cell H47.
A41: Step 4: | B41: Check if there are any cells marked red in the ‘Project overview’:
B42: a. If a cell in the in-kind contributions column (column F) is marked red, the cash flow for that parter is not correct. The following formula should apply:
B43: o Costs = in-kind contribution + received PPP Allowance + received cash contributions + received other funding.
B44: b. If cell E33 is marked red and no cells are marked red in the in-kind contribution column (column F), the total costs do not equal the total contributions and total funding of the consortium. Please check that the costs and contributions of all parties are entered correctly.
B45: c. If cell H41 is marked red, the sum of the costs per type of research does not equal the total realised costs in cell E33 in the table above.
A47: Tab Output
A48: Step 1: | B48: Fill in the project ID. Use one line per project.
A50: Step 2: | B50: Fill in the output for each calendar year in numbers
B51: a. If new projects have been initiated, provide the value of these new projects in €. If more than 1 new project has been initiated, these values can be added up.
B52: b. If new (external) private funding and investments have been attracted for a consortium member, provide the value of these investments in €. If more than 1 investment has been attracted, these values can be added up.
B53: c. If a publication is under review, please do not include it in this overview. Only published output should be provided in this overview. At the end of a project, expected publications can be provided in the output overview on the tab ‘project overview’.
A55: Tab Output DOI's
A56: Step 1: | B56: Fill in the project ID. Check cell C3 for the amount of lines you will need to use.
A58: Step 2: | B58: Fill in the DOI's of the scientific publications and/or patents. Use one line per publication/patent.
B59: Please note: Only fill in already published scientific publications (i.e. publications for which a DOI is available). Publications under review or in preparation do not need to be listed here.

Sheet Drop down
A1: Organisation type | B1: Foreign
A2: SME - Micro | B2: Yes
A3: SME - Small | B3: No
A4: SME - Medium
A5: Large enterprise
A6: Research organization
A7: Other
